 Dungeon Crawl Stone Soup version 0.29.0-4-gdea44cf6ec (webtiles) character file.

Game seed: 14474871605510292416

20179 qw the Brawler (level 12, 119/119 HPs)
             Began as a Troll Cinder Acolyte on Aug 31, 2022.
             Was an Initiate of Ignis.
             Quit the game on level 2 of the Lair of Beasts.
             The game lasted 00:19:14 (11498 turns).

qw the Brawler (Troll Cinder Acolyte)              Turns: 11498, Time: 00:19:14

Health: 119/119    AC: 14    Str: 35    XL:     12   Next: 43%
Magic:  12/12      EV:  8    Int: 10    God:    Ignis [......]
Gold:   487        SH:  0    Dex:  5    Spells: 13/13 levels left

rFire   + + +      SeeInvis .     - Unarmed
rCold   x . .      Faith    .   (no shield)
rNeg    . . .      Spirit   .   l - +0 fire dragon scales
rPois   +          Reflect  .   a - +1 hat {Will+}
rElec   .          Harm     .   q - +1 cloak
rCorr   .          Rampage  .   (gloves unavailable)
Will    +....                   (boots unavailable)
Stlth   ..........              (no amulet)
HPRegen 1.09/turn               c - ring of poison resistance
MPRegen 0.13/turn               f - +6 ring of strength

@: no status effects
A: large, unfitting armour, claws 3, regeneration 1, shaggy fur 1, tough skin 1
a: Renounce Religion, Rising Flame


You were on level 2 of the Lair of Beasts.
You worshipped Ignis.
Ignis was noncommittal.
You visited 2 branches of the dungeon, and saw 13 of its levels.

You collected 658 gold pieces.
You spent 171 gold pieces at shops.


Innate Abilities, Weirdness & Mutations

You are too large for most types of armour.
You have claws for hands.
Your natural rate of healing is unusually fast.
You are covered in fur. (AC +1)
You have tough skin. (AC +1)


   Skills:
 + Level 7.8 Fighting
 - Level 4.0 Armour
 - Level 1.1 Dodging
 - Level 18.0 Unarmed Combat
 - Level 1.0 Spellcasting
 - Level 2.1 Fire Magic


You had 13 spell levels left.
You didn't know any spells.
Your spell library contained the following spells:

 Spells                   Type           Power      Damage    Failure   Level
 Scorch                   Fire           8%         2d5       41%         2

Inventory:

Armour
 a - a +1 hat of willpower (worn)
 l - +0 fire dragon scales (worn)
 q - a +1 cloak (worn)
 s - +0 swamp dragon scales
Jewellery
 c - a ring of poison resistance (left claw)
 f - a +6 ring of strength (right claw)
 k - a ring of protection from fire
 n - a +6 ring of dexterity
 p - the ring of Desertification {+Blink Fly rF+ Int+2}
   (You found it on level 8 of the Dungeon)

   [ring of flight]

   Int:       It affects your intelligence (+2).
   rF:        It protects you from fire.
   Fly:       It grants you flight.
   +Blink:    It lets you blink.
Scrolls
 d - 9 scrolls of identify
Potions
 b - a potion of heal wounds
 e - 8 potions of curing
 g - a potion of might
 h - 4 potions of haste
 i - a potion of mutation
 j - a potion of resistance
 m - 2 potions of cancellation

Dungeon Overview and Level Annotations

Branches:
Dungeon (10/15)            Temple (0/1) D:4            Lair (3/5) D:10
  Swamp: Lair:2-3    Shoals: Lair:2-3     Snake: Lair:2-3    Spider: Lair:2-3
    Orc: D:9-12

Altars:
Dithmenos
Fedhas
Gozag
Makhleb
Nemelex Xobeh
Okawaru
Qazlal
Xom
Yredelemnul

Shops:
D:8 *=:

Annotations:
D:7 3 runed translucent doors, qw's ghost, novice TrCA
Lair:1 1 runed translucent door, qw's ghost, journeyman TeWr


Message History

Sorry, I don't know how to get there.
Done exploring.
Done exploring.
11489 ||| Stepping randomly (stuck).
Sorry, I don't know how to get there.
Done exploring.
Done exploring.
11490 ||| Stepping randomly (stuck).
Sorry, I don't know how to get there.
Done exploring.
Done exploring.
11491 ||| Stepping randomly (stuck).
Sorry, I don't know how to get there.
Done exploring.
Done exploring.
11492 ||| Stepping randomly (stuck).
Sorry, I don't know how to get there.
Done exploring.
Done exploring.
11493 ||| Stepping randomly (stuck).
Sorry, I don't know how to get there.
Done exploring.
Done exploring.
11494 ||| Stepping randomly (stuck).
Sorry, I don't know how to get there.
Done exploring.
Done exploring.
11495 ||| Stepping randomly (stuck).
Sorry, I don't know how to get there.
Done exploring.
Done exploring.
11496 ||| Stepping randomly (stuck).
Sorry, I don't know how to get there.
Done exploring.
Done exploring.
11497 ||| Stepping randomly (stuck).
Sorry, I don't know how to get there.
Done exploring.
Done exploring.
Are you sure you want to abandon this character and quit the game? (Confirm with "yes".)

.#.....####..###.................
.........#P......................
..#..#.......................<...
.#####...........................
..# ##..#.......................
######..P.#......................
.#........#....P....PP.....#P....
..........#.....#..........###...
.)..............@...........##...
....................#....#...#...
..................###............
>........[.........#.............
..........###.#..####...##.......
#.#.####### ##.....#.....#.......
##### #................... #
##.....#.#.PP.......
#...#####...........


There were no monsters in sight!

Vanquished Creatures
  A hydra (Lair:1)
  Nergalle (D:10)
  A deep elf pyromancer (D:8)
  2 wolf spiders (Lair:1)
  2 black mambas
  Maggie (Lair:2)
  An unseen horror (D:8)
  4 cane toads
  A kobold demonologist (D:6)
  A komodo dragon (D:10)
  3 trolls
  A queen bee (Lair:1)
  4 polar bears (D:8)
  8 blink frogs
  Sigmund (D:6)
  A shadow (D:10)
  A wraith (D:10)
  26 yaks
  A vampire (D:10)
  2 wyverns
  2 acid dragons
  6 water moccasins
  An orc warrior (D:9)
  A sky beast (D:8)
  2 black bears
  4 ice beasts
  14 wolves (Lair:1)
  5 centaurs
  4 ogres
  A phantom (D:5)
  3 gnoll sergeants
  10 bullfrogs
  A necrophage (D:7)
  A scorpion (D:10)
  8 wights
  28 killer bees
  An electric eel (D:8)
  A crimson imp (D:5)
  2 jellies
  3 hounds
  2 orc priests
  Jessica (D:3)
  Terence (D:3)
  7 iguanas
  9 orc wizards
  4 adders
  16 gnolls
  3 shadow imps
  A howler monkey simulacrum (D:8)
  5 white imps
  An ufetubus (D:6)
  2 worms
  3 dart slugs
  29 orcs
  7 ball pythons
  6 bats
  7 endoplasms
  4 giant cockroaches
  7 goblins
  14 hobgoblins
  8 jackals
  4 kobolds
  6 quokkas
  2 frilled lizards
  4 rats
314 creatures vanquished.

Vanquished Creatures (others)
  16 fungi
  33 plants
49 creatures vanquished.

Grand Total: 363 creatures vanquished

Notes
Turn   | Place    | Note
-------+----------+-------------------------------------------
     0 | D:1      | qw the Troll Cinder Acolyte began the quest for the Orb.
     0 | D:1      | Reached XP level 1. HP: 22/22 MP: 1/1
     0 | D:1      | 0 ||| qw: Version: 0.1-a-97-g2dd2ca4
     0 | D:1      | 0 ||| qw: Game counter: 4590
     0 | D:1      | 0 ||| qw: Always use a shield: true
     0 | D:1      | 0 ||| qw: God list: Okawaru
     0 | D:1      | 0 ||| qw: Allow faded altars: false
     0 | D:1      | 0 ||| qw: Do Orc after D:15 true
     0 | D:1      | 0 ||| qw: Do second Lair branch before Depths: true
     0 | D:1      | 0 ||| qw: Lair rune preference: random
     0 | D:1      | 0 ||| qw: Plans: Normal
     0 | D:1      | 0 ||| PLANNING D:1-11
    24 | D:1      | 24 ||| Stepping ~*~*~tactically~*~*~ (hiding).
    27 | D:1      | 27 ||| Stepping ~*~*~tactically~*~*~ (hiding).
   143 | D:1      | 143 ||| Stepping ~*~*~tactically~*~*~ (stealth).
   145 | D:1      | 145 ||| Stepping ~*~*~tactically~*~*~ (stealth).
   189 | D:1      | 189 ||| Stepping ~*~*~tactically~*~*~ (stealth).
   194 | D:1      | Reached XP level 2. HP: 29/29 MP: 2/2
   552 | D:1      | Reached skill level 4 in Unarmed Combat
   595 | D:1      | 595 ||| Stepping ~*~*~tactically~*~*~ (stealth).
   604 | D:1      | 604 ||| Stepping ~*~*~tactically~*~*~ (stealth).
   605 | D:1      | 605 ||| Stepping ~*~*~tactically~*~*~ (stealth).
   607 | D:1      | 607 ||| Stepping ~*~*~tactically~*~*~ (stealth).
   686 | D:1      | Reached XP level 3. HP: 36/36 MP: 3/3
   824 | D:1      | 824 ||| UPGRADING to ring of poison resistance.
   825 | D:1      | 825 ||| READING scroll labelled YTIUWO DYDGHE.
   826 | D:1      | 826 ||| READING scroll labelled CEILIM PAWN.
   847 | D:2      | 847 ||| INVOKING Fiery Armour.
   849 | D:2      | 849 ||| Stepping ~*~*~tactically~*~*~ (outnumbered).
   850 | D:2      | 850 ||| STAIRDANCE
   857 | D:2      | 857 ||| STAIRDANCE
   871 | D:2      | Reached XP level 4. HP: 41/44 MP: 4/4
   924 | D:2      | Reached skill level 5 in Unarmed Combat
  1381 | D:2      | 1381 ||| Stepping ~*~*~tactically~*~*~ (stealth).
  1382 | D:2      | Noticed an ogre
  1386 | D:2      | Killed an ogre
  1387 | D:2      | Reached skill level 6 in Unarmed Combat
  1387 | D:2      | Reached XP level 5. HP: 31/50 MP: 5/5
  1390 | D:2      | 1390 ||| FLEEEEING.
  1508 | D:2      | 1508 ||| Stepping ~*~*~tactically~*~*~ (outnumbered).
  1516 | D:2      | 1516 ||| Stepping ~*~*~tactically~*~*~ (hiding).
  1828 | D:2      | 1828 ||| READING scroll labelled SEMAGI XELATO.
  1829 | D:2      | 1829 ||| READING scroll labelled YQYZXO GONES.
  1830 | D:2      | 1830 ||| DRINKING 2 silvery potions.
  1831 | D:2      | 1831 ||| DRINKING 2 ruby potions.
  1936 | D:2      | 1936 ||| DROPPING potion of berserk rage.
  2150 | D:3      | Noticed Jessica
  2152 | D:3      | 2152 ||| Stepping ~*~*~tactically~*~*~ (hiding).
  2154 | D:3      | 2154 ||| Stepping ~*~*~tactically~*~*~ (outnumbered).
  2159 | D:3      | Killed Jessica
  2406 | D:3      | 2406 ||| Stepping ~*~*~tactically~*~*~ (stealth).
  2487 | D:3      | Found an iron altar of Okawaru.
  2574 | D:3      | Noticed Terence
  2581 | D:3      | Killed Terence
  2645 | D:3      | 2645 ||| UPGRADING to +0 fire dragon scales.
  2655 | D:3      | 2655 ||| DROPPING +0 robe.
  2663 | D:3      | 2663 ||| UPGRADING to ring of protection from fire.
  2664 | D:3      | 2664 ||| READING scroll labelled SOEMIE NIYP.
  2664 | D:3      | Identified a scroll of acquirement
  2664 | D:3      | 2664 ||| ACQUIRING +1 hat of willpower
  2664 | D:3      | Acquired a +1 hat of willpower
  2666 | D:3      | 2666 ||| UPGRADING to +1 hat of willpower.
  2703 | D:3      | 2703 ||| READING scroll labelled ZYACKOLYIPS.
  2704 | D:3      | 2704 ||| READING scroll labelled UZECEF XEUNUU.
  2705 | D:3      | 2705 ||| DRINKING 2 purple potions.
  2706 | D:3      | 2706 ||| READING 3 scrolls of identify.
  2706 | D:3      | 2706 ||| IDENTIFYING puce potion
  2707 | D:3      | 2707 ||| READING 2 scrolls of identify.
  2707 | D:3      | 2707 ||| IDENTIFYING orange potion
  2737 | D:4      | 2737 ||| Stepping ~*~*~tactically~*~*~ (stealth).
  2745 | D:4      | Reached XP level 6. HP: 59/59 MP: 6/6
  2766 | D:4      | 2766 ||| Stepping ~*~*~tactically~*~*~ (stealth).
  2767 | D:4      | 2767 ||| Stepping ~*~*~tactically~*~*~ (stealth).
  2768 | D:4      | 2768 ||| Stepping ~*~*~tactically~*~*~ (stealth).
  2829 | D:4      | Found a staircase to the Ecumenical Temple.
  2974 | D:4      | Found a burning altar of Makhleb.
  2974 | D:4      | Noticed a blizzard demon
  2977 | D:4      | Noticed a smoke demon
  2977 | D:4      | Noticed a ynoxinul
  3066 | D:4      | 3066 ||| Stepping ~*~*~tactically~*~*~ (stealth).
  3072 | D:4      | Identified the +2 scale mail "Miliwkov" {Rampage +Inv rPois
                  | rN+}
  3073 | D:4      | 3073 ||| Stepping ~*~*~tactically~*~*~ (stealth).
  3083 | D:4      | 3083 ||| Stepping ~*~*~tactically~*~*~ (stealth).
  3084 | D:4      | 3084 ||| Stepping ~*~*~tactically~*~*~ (stealth).
  3093 | D:4      | 3093 ||| Stepping ~*~*~tactically~*~*~ (stealth).
  3112 | D:4      | 3112 ||| Stepping ~*~*~tactically~*~*~ (stealth).
  3134 | D:4      | Reached skill level 1 in Armour
  3338 | D:4      | 3338 ||| UPGRADING to +6 ring of strength.
  3353 | D:5      | Entered Level 5 of the Dungeon
  3363 | D:5      | 3363 ||| Stepping ~*~*~tactically~*~*~ (stealth).
  3365 | D:5      | 3365 ||| Stepping ~*~*~tactically~*~*~ (hiding).
  3367 | D:5      | Reached skill level 7 in Unarmed Combat
  3371 | D:5      | 3371 ||| INVOKING Fiery Armour.
  3372 | D:5      | 3372 ||| Stepping ~*~*~tactically~*~*~ (outnumbered).
  3493 | D:5      | 3493 ||| Stepping ~*~*~tactically~*~*~ (stealth).
  3495 | D:5      | 3495 ||| Stepping ~*~*~tactically~*~*~ (stealth).
  3525 | D:5      | 3525 ||| Stepping ~*~*~tactically~*~*~ (outnumbered).
  3526 | D:5      | 3526 ||| Stepping ~*~*~tactically~*~*~ (outnumbered).
  3534 | D:5      | Reached XP level 7. HP: 62/66 MP: 7/7
  3588 | D:5      | 3588 ||| Stepping ~*~*~tactically~*~*~ (stealth).
  3591 | D:5      | 3591 ||| Stepping ~*~*~tactically~*~*~ (stealth).
  3594 | D:5      | Reached skill level 8 in Unarmed Combat
  3679 | D:5      | Reached skill level 3 in Fighting
  4076 | D:5      | Reached skill level 9 in Unarmed Combat
  4154 | D:5      | 4154 ||| READING scroll labelled ROSONA CYSARU.
  4155 | D:5      | 4155 ||| READING 2 scrolls of identify.
  4155 | D:5      | 4155 ||| IDENTIFYING coppery potion
  4156 | D:5      | 4156 ||| DROPPING potion of attraction.
  4240 | D:6      | 4240 ||| Stepping ~*~*~tactically~*~*~ (hiding).
  4244 | D:6      | 4244 ||| Stepping ~*~*~tactically~*~*~ (hiding).
  4245 | D:6      | 4245 ||| Stepping ~*~*~tactically~*~*~ (hiding).
  4246 | D:6      | 4246 ||| Stepping ~*~*~tactically~*~*~ (hiding).
  4257 | D:6      | 4257 ||| Stepping ~*~*~tactically~*~*~ (outnumbered).
  4259 | D:6      | 4259 ||| Stepping ~*~*~tactically~*~*~ (outnumbered).
  4262 | D:6      | Reached XP level 8. HP: 57/75 MP: 8/8
  4307 | D:6      | 4307 ||| Stepping ~*~*~tactically~*~*~ (stealth).
  4308 | D:6      | 4308 ||| Stepping ~*~*~tactically~*~*~ (stealth).
  4316 | D:6      | Noticed a troll
  4322 | D:6      | Killed a troll
  4323 | D:6      | Reached skill level 10 in Unarmed Combat
  4349 | D:6      | Noticed a kobold demonologist
  4350 | D:6      | 4350 ||| DROPPING +6 ring of intelligence.
  4351 | D:6      | 4351 ||| READING 3 scrolls labelled JAPAYCZ OGEE.
  4352 | D:6      | 4352 ||| FLEEEEING.
  4353 | D:6      | 4353 ||| FLEEEEING.
  4354 | D:6      | Noticed an orange demon
  4354 | D:6      | 4354 ||| Stepping ~*~*~tactically~*~*~ (hiding).
  4373 | D:6      | Killed a kobold demonologist
  4374 | D:6      | Reached skill level 3 in Armour
  4415 | D:6      | 4415 ||| Stepping ~*~*~tactically~*~*~ (stealth).
  4424 | D:6      | 4424 ||| Stepping ~*~*~tactically~*~*~ (stealth).
  4434 | D:6      | 4434 ||| Stepping ~*~*~tactically~*~*~ (outnumbered).
  4435 | D:6      | 4435 ||| Stepping ~*~*~tactically~*~*~ (outnumbered).
  4436 | D:6      | 4436 ||| Stepping ~*~*~tactically~*~*~ (outnumbered).
  4437 | D:6      | 4437 ||| Stepping ~*~*~tactically~*~*~ (outnumbered).
  4438 | D:6      | 4438 ||| Stepping ~*~*~tactically~*~*~ (outnumbered).
  4439 | D:6      | 4439 ||| Stepping ~*~*~tactically~*~*~ (outnumbered).
  4528 | D:6      | You fall into a shaft and drop 2 floors!
  4575 | D:8      | Killed an unseen horror
  4576 | D:8      | Reached XP level 9. HP: 54/87 MP: 9/9
  4629 | D:8      | 4629 ||| Stepping ~*~*~tactically~*~*~ (stealth).
  4632 | D:8      | Reached skill level 1 in Dodging
  4676 | D:8      | Found Juimodil's Jewellery Shop.
  4682 | D:8      | Identified the ring of Desertification {+Blink Fly rF+
                  | Int+2}
  4691 | D:8      | 4691 ||| SHOPLISTING amulet of guardian spirit (450 gold,
                  | have 278).
  4691 | D:8      | 4691 ||| SHOPLISTING brooch of Shielding {Spirit SH+8} (975
                  | gold, have 278).
  4691 | D:8      | 4691 ||| SHOPLISTING ring "Cugibargh" {Drain rElec rF++
                  | Str+3 SInv} (708 gold, have 278).
  4705 | D:8      | Noticed a polar bear
  4706 | D:8      | 4706 ||| INVOKING Fiery Armour.
  4714 | D:8      | Killed a polar bear
  4715 | D:8      | Reached skill level 11 in Unarmed Combat
  4769 | D:8      | 4769 ||| UPGRADING to +1 cloak.
  4774 | D:8      | 4774 ||| READING scroll labelled TISIXU RURGHEA.
  4775 | D:8      | 4775 ||| DRINKING 2 viscous silvery potions.
  4776 | D:8      | 4776 ||| DRINKING 2 blue potions.
  4777 | D:8      | 4777 ||| DROPPING 2 scrolls of silence.
  4778 | D:8      | 4778 ||| DROPPING potion of flight.
  4797 | D:7      | 4797 ||| Stepping ~*~*~tactically~*~*~ (outnumbered).
  4819 | D:7      | Found a stormy altar of Qazlal.
  4820 | D:7      | 4820 ||| READING scroll labelled KODANO HENOSEY.
  4826 | D:7      | 4826 ||| READING 3 scrolls of teleportation.
  4827 | D:7      | 4827 ||| Stepping randomly (stuck).
  4873 | D:6      | 4873 ||| READING 2 scrolls of teleportation.
  4917 | D:6      | 4917 ||| READING scroll of teleportation.
  4923 | D:6      | 4923 ||| Stepping randomly (stuck).
  4924 | D:6      | 4924 ||| Stepping randomly (stuck).
  4925 | D:6      | 4925 ||| Stepping randomly (stuck).
  4927 | D:6      | 4927 ||| Stepping ~*~*~tactically~*~*~ (hiding).
  4954 | D:6      | 4954 ||| Stepping randomly (stuck).
  4959 | D:6      | 4959 ||| Stepping randomly (stuck).
  5019 | D:6      | Noticed Sigmund
  5024 | D:6      | Killed Sigmund
  5118 | D:6      | Found a blossoming altar of Fedhas.
  5118 | D:6      | Found a sparkling altar of Nemelex Xobeh.
  5204 | D:6      | Reached skill level 12 in Unarmed Combat
  5246 | D:6      | 5246 ||| READING 4 scrolls of identify.
  5246 | D:6      | 5246 ||| IDENTIFYING cyan potion
  5319 | D:7      | 5319 ||| Stepping ~*~*~tactically~*~*~ (hiding).
  5386 | D:7      | 5386 ||| Stepping ~*~*~tactically~*~*~ (stealth).
  5392 | D:7      | 5392 ||| Stepping ~*~*~tactically~*~*~ (hiding).
  5405 | D:7      | 5405 ||| Stepping ~*~*~tactically~*~*~ (outnumbered).
  5419 | D:7      | 5419 ||| Stepping ~*~*~tactically~*~*~ (stealth).
  5426 | D:7      | 5426 ||| Stepping ~*~*~tactically~*~*~ (stealth).
  5444 | D:7      | Found a shadowy altar of Dithmenos.
  5521 | D:7      | 5521 ||| FLEEEEING.
  5522 | D:7      | 5522 ||| FLEEEEING.
  5523 | D:7      | 5523 ||| FLEEEEING.
  5524 | D:7      | 5524 ||| FLEEEEING.
  5525 | D:7      | 5525 ||| FLEEEEING.
  5530 | D:7      | 5530 ||| FLEEEEING.
  5531 | D:7      | 5531 ||| FLEEEEING.
  5618 | D:7      | Found a runed translucent gate.
  5621 | D:7      | Found a runed translucent gate.
  5621 | D:7      | Found a runed translucent gate.
  5621 | D:7      | Found an opulent altar of Gozag.
  5623 | D:7      | Noticed a troll
  5624 | D:7      | Noticed qw's ghost (novice TrCA)
  5939 | D:7      | 5939 ||| DROPPING ring of willpower.
  5981 | D:8      | Found Toggem's Book Shop.
  6020 | D:8      | Noticed a polar bear
  6028 | D:8      | Noticed a deep elf pyromancer
  6035 | D:8      | Killed a polar bear
  6036 | D:8      | Reached skill level 13 in Unarmed Combat
  6036 | D:8      | Reached XP level 10. HP: 63/96 MP: 10/10
  6040 | D:8      | 6040 ||| Stepping ~*~*~tactically~*~*~ (outnumbered).
  6045 | D:8      | Killed a deep elf pyromancer
  6128 | D:8      | 6128 ||| Stepping ~*~*~tactically~*~*~ (outnumbered).
  6130 | D:8      | 6130 ||| Stepping ~*~*~tactically~*~*~ (outnumbered).
  6254 | D:8      | Found Nyapt's Assorted Antiques.
  6257 | D:8      | 6257 ||| BUYING golden potion (31 gold).
  6257 | D:8      | Bought a golden potion for 31 gold pieces
  6257 | D:8      | 6257 ||| BUYING potion of curing (105 gold).
  6257 | D:8      | Bought a potion of curing for 105 gold pieces
  6257 | D:8      | 6257 ||| BUYING scroll labelled EMNISK JAAMO (35 gold).
  6257 | D:8      | Bought a scroll labelled EMNISK JAAMO for 35 gold pieces
  6275 | D:8      | 6275 ||| Stepping ~*~*~tactically~*~*~ (stealth).
  6291 | D:8      | Reached skill level 14 in Unarmed Combat
  6440 | D:8      | 6440 ||| FLEEEEING.
  6441 | D:8      | 6441 ||| FLEEEEING.
  6442 | D:8      | 6442 ||| FLEEEEING.
  6443 | D:8      | 6443 ||| FLEEEEING.
  6688 | D:8      | 6688 ||| READING scroll labelled EMNISK JAAMO.
  6689 | D:8      | 6689 ||| READING 5 scrolls of identify.
  6689 | D:8      | 6689 ||| IDENTIFYING sedimented blue potion
  6690 | D:8      | 6690 ||| READING 4 scrolls of identify.
  6690 | D:8      | 6690 ||| IDENTIFYING golden potion
  6691 | D:8      | 6691 ||| DROPPING potion of invisibility.
  6890 | D:8      | 6890 ||| Stepping randomly (stuck).
  6902 | D:9      | 6902 ||| INVOKING Fiery Armour.
  6903 | D:9      | 6903 ||| Stepping ~*~*~tactically~*~*~ (hiding).
  6910 | D:9      | 6910 ||| Stepping ~*~*~tactically~*~*~ (outnumbered).
  6911 | D:9      | 6911 ||| Stepping ~*~*~tactically~*~*~ (outnumbered).
  6912 | D:9      | 6912 ||| Stepping ~*~*~tactically~*~*~ (outnumbered).
  6913 | D:9      | 6913 ||| Stepping ~*~*~tactically~*~*~ (outnumbered).
  6914 | D:9      | 6914 ||| Stepping ~*~*~tactically~*~*~ (outnumbered).
  6916 | D:9      | 6916 ||| Stepping ~*~*~tactically~*~*~ (outnumbered).
  6917 | D:9      | 6917 ||| Stepping ~*~*~tactically~*~*~ (outnumbered).
  6920 | D:9      | Reached skill level 6 in Fighting
  6928 | D:9      | 6928 ||| Stepping ~*~*~tactically~*~*~ (outnumbered).
  6933 | D:9      | HP: 24/98 [poisoned by a gnoll sergeant]
  6934 | D:9      | 6934 ||| DRINKING 2 potions of heal wounds.
  7028 | D:9      | 7028 ||| Stepping ~*~*~tactically~*~*~ (stealth).
  7029 | D:9      | 7029 ||| Stepping ~*~*~tactically~*~*~ (stealth).
  7037 | D:9      | 7037 ||| Stepping ~*~*~tactically~*~*~ (outnumbered).
  7176 | D:9      | 7176 ||| Stepping ~*~*~tactically~*~*~ (hiding).
  7223 | D:9      | 7223 ||| INVOKING Fiery Armour.
  7224 | D:9      | 7224 ||| FLEEEEING.
  7225 | D:9      | 7225 ||| FLEEEEING.
  7226 | D:9      | 7226 ||| FLEEEEING.
  7227 | D:9      | 7227 ||| FLEEEEING.
  7228 | D:9      | 7228 ||| FLEEEEING.
  7229 | D:9      | 7229 ||| FLEEEEING.
  7230 | D:9      | 7230 ||| FLEEEEING.
  7231 | D:9      | 7231 ||| STAIRDANCE
  7251 | D:9      | 7251 ||| STAIRDANCE
  7253 | D:8      | 7253 ||| Stepping ~*~*~tactically~*~*~ (outnumbered).
  7254 | D:8      | 7254 ||| Stepping ~*~*~tactically~*~*~ (outnumbered).
  7255 | D:8      | 7255 ||| Stepping ~*~*~tactically~*~*~ (outnumbered).
  7256 | D:8      | 7256 ||| Stepping ~*~*~tactically~*~*~ (outnumbered).
  7259 | D:8      | 7259 ||| Stepping ~*~*~tactically~*~*~ (outnumbered).
  7586 | D:9      | 7586 ||| READING scroll labelled ETOUSM BOMA.
  7667 | D:8      | 7667 ||| Stepping randomly (stuck).
  7686 | D:10     | Entered Level 10 of the Dungeon
  7690 | D:10     | 7690 ||| Stepping ~*~*~tactically~*~*~ (stealth).
  7693 | D:10     | 7693 ||| Stepping ~*~*~tactically~*~*~ (stealth).
  7700 | D:10     | 7700 ||| Stepping ~*~*~tactically~*~*~ (stealth).
  7704 | D:10     | Reached skill level 15 in Unarmed Combat
  7704 | D:10     | Reached XP level 11. HP: 102/105 MP: 11/11
  7754 | D:10     | Found a staircase to the Lair.
  7784 | D:10     | 7784 ||| FLEEEEING.
  7785 | D:10     | 7785 ||| FLEEEEING.
  7875 | D:10     | 7875 ||| Stepping ~*~*~tactically~*~*~ (hiding).
  7876 | D:10     | 7876 ||| Stepping ~*~*~tactically~*~*~ (hiding).
  8033 | D:10     | 8033 ||| Stepping ~*~*~tactically~*~*~ (stealth).
  8042 | D:10     | 8042 ||| INVOKING Fiery Armour.
  8055 | D:10     | Reached skill level 16 in Unarmed Combat
  8365 | D:10     | Noticed Nergalle
  8375 | D:10     | Killed Nergalle
  8497 | D:10     | 8497 ||| Stepping ~*~*~tactically~*~*~ (hiding).
  8498 | D:10     | 8498 ||| Stepping ~*~*~tactically~*~*~ (hiding).
  8534 | D:10     | 8534 ||| PLANNING LAIR
  8561 | Lair:1   | Entered Level 1 of the Lair of Beasts
  8632 | Lair:1   | Found a basalt altar of Yredelemnul.
  8636 | Lair:1   | 8636 ||| INVOKING Fiery Armour.
  8638 | Lair:1   | 8638 ||| Stepping ~*~*~tactically~*~*~ (outnumbered).
  8639 | Lair:1   | 8639 ||| Stepping ~*~*~tactically~*~*~ (outnumbered).
  8640 | Lair:1   | 8640 ||| Stepping ~*~*~tactically~*~*~ (outnumbered).
  8726 | Lair:1   | Noticed an eight-headed hydra
  8730 | Lair:1   | Killed a nine-headed hydra
  8766 | Lair:1   | 8766 ||| INVOKING Fiery Armour.
  8829 | Lair:1   | 8829 ||| Stepping ~*~*~tactically~*~*~ (outnumbered).
  8996 | Lair:1   | 8996 ||| INVOKING Fiery Armour.
  9010 | Lair:1   | Reached skill level 17 in Unarmed Combat
  9016 | Lair:1   | 9016 ||| Stepping ~*~*~tactically~*~*~ (outnumbered).
  9036 | Lair:1   | Reached XP level 12. HP: 118/118 MP: 12/12
  9114 | Lair:1   | Found a runed translucent door.
  9114 | Lair:1   | Found a shimmering altar of Xom.
  9114 | Lair:1   | Noticed qw's ghost (journeyman TeWr)
  9243 | Lair:1   | 9243 ||| Stepping ~*~*~tactically~*~*~ (stealth).
  9245 | Lair:1   | 9245 ||| INVOKING Fiery Armour.
  9617 | Lair:1   | 9617 ||| READING 2 scrolls labelled LEFASE HA ITSI.
  9618 | Lair:1   | 9618 ||| DROPPING scroll of fear.
  9648 | Lair:2   | 9648 ||| STAIRDANCE
  9726 | Lair:2   | 9726 ||| INVOKING Fiery Armour.
  9888 | Lair:2   | 9888 ||| Stepping ~*~*~tactically~*~*~ (stealth).
  9909 | Lair:2   | 9909 ||| Stepping ~*~*~tactically~*~*~ (stealth).
  9913 | Lair:2   | 9913 ||| INVOKING Fiery Armour.
  9944 | Lair:2   | Reached skill level 18 in Unarmed Combat
  9961 | Lair:2   | 9961 ||| Stepping ~*~*~tactically~*~*~ (outnumbered).
  9962 | Lair:2   | 9962 ||| Stepping ~*~*~tactically~*~*~ (outnumbered).
 10171 | Lair:2   | Noticed Maggie
 10172 | Lair:2   | 10172 ||| Stepping ~*~*~tactically~*~*~ (hiding).
 10178 | Lair:2   | Killed Maggie
 10460 | Lair:2   | 10460 ||| DROPPING +0 acid dragon scales.
 10475 | Lair:3   | 10475 ||| INVOKING Fiery Armour.
 10478 | Lair:3   | 10478 ||| STAIRDANCE
 10480 | Lair:2   | 10480 ||| PLANNING CONVERSION TO OKAWARU
 10485 | Lair:2   | 10485 ||| READING scroll of teleportation.
 10488 | Lair:2   | 10488 ||| Stepping randomly (stuck).
 10489 | Lair:2   | 10489 ||| Stepping randomly (stuck).
 10490 | Lair:2   | 10490 ||| Stepping randomly (stuck).
 10491 | Lair:2   | 10491 ||| Stepping randomly (stuck).
 10492 | Lair:2   | 10492 ||| Stepping randomly (stuck).
 10493 | Lair:2   | 10493 ||| Stepping randomly (stuck).
 10494 | Lair:2   | 10494 ||| Stepping randomly (stuck).
 10495 | Lair:2   | 10495 ||| Stepping randomly (stuck).
 10496 | Lair:2   | 10496 ||| Stepping randomly (stuck).
 10497 | Lair:2   | 10497 ||| Stepping randomly (stuck).
 10498 | Lair:2   | 10498 ||| Stepping randomly (stuck).
 10499 | Lair:2   | 10499 ||| Stepping randomly (stuck).
 10500 | Lair:2   | 10500 ||| Stepping randomly (stuck).
 10501 | Lair:2   | 10501 ||| Stepping randomly (stuck).
 10502 | Lair:2   | 10502 ||| Stepping randomly (stuck).
 10503 | Lair:2   | 10503 ||| Stepping randomly (stuck).
 10504 | Lair:2   | 10504 ||| Stepping randomly (stuck).
 10505 | Lair:2   | 10505 ||| Stepping randomly (stuck).
 10506 | Lair:2   | 10506 ||| Stepping randomly (stuck).
 10507 | Lair:2   | 10507 ||| Stepping randomly (stuck).
 10508 | Lair:2   | 10508 ||| Stepping randomly (stuck).
 10509 | Lair:2   | 10509 ||| Stepping randomly (stuck).
 10510 | Lair:2   | 10510 ||| Stepping randomly (stuck).
 10511 | Lair:2   | 10511 ||| Stepping randomly (stuck).
 10512 | Lair:2   | 10512 ||| Stepping randomly (stuck).
 10513 | Lair:2   | 10513 ||| Stepping randomly (stuck).
 10514 | Lair:2   | 10514 ||| Stepping randomly (stuck).
 10515 | Lair:2   | 10515 ||| Stepping randomly (stuck).
 10516 | Lair:2   | 10516 ||| Stepping randomly (stuck).
 10517 | Lair:2   | 10517 ||| Stepping randomly (stuck).
 10518 | Lair:2   | 10518 ||| Stepping randomly (stuck).
 10519 | Lair:2   | 10519 ||| Stepping randomly (stuck).
 10520 | Lair:2   | 10520 ||| Stepping randomly (stuck).
 10521 | Lair:2   | 10521 ||| Stepping randomly (stuck).
 10522 | Lair:2   | 10522 ||| Stepping randomly (stuck).
 10523 | Lair:2   | 10523 ||| Stepping randomly (stuck).
 10524 | Lair:2   | 10524 ||| Stepping randomly (stuck).
 10525 | Lair:2   | 10525 ||| Stepping randomly (stuck).
 10526 | Lair:2   | 10526 ||| Stepping randomly (stuck).
 10527 | Lair:2   | 10527 ||| Stepping randomly (stuck).
 10528 | Lair:2   | 10528 ||| Stepping randomly (stuck).
 10529 | Lair:2   | 10529 ||| Stepping randomly (stuck).
 10530 | Lair:2   | 10530 ||| Stepping randomly (stuck).
 10531 | Lair:2   | 10531 ||| Stepping randomly (stuck).
 10532 | Lair:2   | 10532 ||| Stepping randomly (stuck).
 10533 | Lair:2   | 10533 ||| Stepping randomly (stuck).
 10534 | Lair:2   | 10534 ||| Stepping randomly (stuck).
 10535 | Lair:2   | 10535 ||| Stepping randomly (stuck).
 10536 | Lair:2   | 10536 ||| Stepping randomly (stuck).
 10537 | Lair:2   | 10537 ||| Stepping randomly (stuck).
 10556 | Lair:2   | 10556 ||| Stepping randomly (stuck).
 10557 | Lair:2   | 10557 ||| Stepping randomly (stuck).
 10558 | Lair:2   | 10558 ||| Stepping randomly (stuck).
 10559 | Lair:2   | 10559 ||| Stepping randomly (stuck).
 10560 | Lair:2   | 10560 ||| Stepping randomly (stuck).
 10561 | Lair:2   | 10561 ||| Stepping randomly (stuck).
 10562 | Lair:2   | 10562 ||| Stepping randomly (stuck).
 10563 | Lair:2   | 10563 ||| Stepping randomly (stuck).
 10564 | Lair:2   | 10564 ||| Stepping randomly (stuck).
 10565 | Lair:2   | 10565 ||| Stepping randomly (stuck).
 10566 | Lair:2   | 10566 ||| Stepping randomly (stuck).
 10567 | Lair:2   | 10567 ||| Stepping randomly (stuck).
 10568 | Lair:2   | 10568 ||| Stepping randomly (stuck).
 10569 | Lair:2   | 10569 ||| Stepping randomly (stuck).
 10570 | Lair:2   | 10570 ||| Stepping randomly (stuck).
 10571 | Lair:2   | 10571 ||| Stepping randomly (stuck).
 10572 | Lair:2   | 10572 ||| Stepping randomly (stuck).
 10573 | Lair:2   | 10573 ||| Stepping randomly (stuck).
 10574 | Lair:2   | 10574 ||| Stepping randomly (stuck).
 10575 | Lair:2   | 10575 ||| Stepping randomly (stuck).
 10576 | Lair:2   | 10576 ||| Stepping randomly (stuck).
 10577 | Lair:2   | 10577 ||| Stepping randomly (stuck).
 10578 | Lair:2   | 10578 ||| Stepping randomly (stuck).
 10579 | Lair:2   | 10579 ||| Stepping randomly (stuck).
 10580 | Lair:2   | 10580 ||| Stepping randomly (stuck).
 10581 | Lair:2   | 10581 ||| Stepping randomly (stuck).
 10582 | Lair:2   | 10582 ||| Stepping randomly (stuck).
 10583 | Lair:2   | 10583 ||| Stepping randomly (stuck).
 10584 | Lair:2   | 10584 ||| Stepping randomly (stuck).
 10585 | Lair:2   | 10585 ||| Stepping randomly (stuck).
 10586 | Lair:2   | 10586 ||| Stepping randomly (stuck).
 10587 | Lair:2   | 10587 ||| Stepping randomly (stuck).
 10588 | Lair:2   | 10588 ||| Stepping randomly (stuck).
 10589 | Lair:2   | 10589 ||| Stepping randomly (stuck).
 10590 | Lair:2   | 10590 ||| Stepping randomly (stuck).
 10591 | Lair:2   | 10591 ||| Stepping randomly (stuck).
 10592 | Lair:2   | 10592 ||| Stepping randomly (stuck).
 10593 | Lair:2   | 10593 ||| Stepping randomly (stuck).
 10594 | Lair:2   | 10594 ||| Stepping randomly (stuck).
 10595 | Lair:2   | 10595 ||| Stepping randomly (stuck).
 10596 | Lair:2   | 10596 ||| Stepping randomly (stuck).
 10597 | Lair:2   | 10597 ||| Stepping randomly (stuck).
 10598 | Lair:2   | 10598 ||| Stepping randomly (stuck).
 10599 | Lair:2   | 10599 ||| Stepping randomly (stuck).
 10600 | Lair:2   | 10600 ||| Stepping randomly (stuck).
 10601 | Lair:2   | 10601 ||| Stepping randomly (stuck).
 10602 | Lair:2   | 10602 ||| Stepping randomly (stuck).
 10603 | Lair:2   | 10603 ||| Stepping randomly (stuck).
 10604 | Lair:2   | 10604 ||| Stepping randomly (stuck).
 10605 | Lair:2   | 10605 ||| Stepping randomly (stuck).
 10606 | Lair:2   | 10606 ||| Stepping randomly (stuck).
 10607 | Lair:2   | 10607 ||| Stepping randomly (stuck).
 10608 | Lair:2   | 10608 ||| Stepping randomly (stuck).
 10609 | Lair:2   | 10609 ||| Stepping randomly (stuck).
 10610 | Lair:2   | 10610 ||| Stepping randomly (stuck).
 10611 | Lair:2   | 10611 ||| Stepping randomly (stuck).
 10612 | Lair:2   | 10612 ||| Stepping randomly (stuck).
 10613 | Lair:2   | 10613 ||| Stepping randomly (stuck).
 10614 | Lair:2   | 10614 ||| Stepping randomly (stuck).
 10615 | Lair:2   | 10615 ||| Stepping randomly (stuck).
 10616 | Lair:2   | 10616 ||| Stepping randomly (stuck).
 10617 | Lair:2   | 10617 ||| Stepping randomly (stuck).
 10618 | Lair:2   | 10618 ||| Stepping randomly (stuck).
 10619 | Lair:2   | 10619 ||| Stepping randomly (stuck).
 10620 | Lair:2   | 10620 ||| Stepping randomly (stuck).
 10621 | Lair:2   | 10621 ||| Stepping randomly (stuck).
 10622 | Lair:2   | 10622 ||| Stepping randomly (stuck).
 10623 | Lair:2   | 10623 ||| Stepping randomly (stuck).
 10624 | Lair:2   | 10624 ||| Stepping randomly (stuck).
 10625 | Lair:2   | 10625 ||| Stepping randomly (stuck).
 10626 | Lair:2   | 10626 ||| Stepping randomly (stuck).
 10627 | Lair:2   | 10627 ||| Stepping randomly (stuck).
 10628 | Lair:2   | 10628 ||| Stepping randomly (stuck).
 10629 | Lair:2   | 10629 ||| Stepping randomly (stuck).
 10630 | Lair:2   | 10630 ||| Stepping randomly (stuck).
 10631 | Lair:2   | 10631 ||| Stepping randomly (stuck).
 10632 | Lair:2   | 10632 ||| Stepping randomly (stuck).
 10633 | Lair:2   | 10633 ||| Stepping randomly (stuck).
 10634 | Lair:2   | 10634 ||| Stepping randomly (stuck).
 10635 | Lair:2   | 10635 ||| Stepping randomly (stuck).
 10636 | Lair:2   | 10636 ||| Stepping randomly (stuck).
 10637 | Lair:2   | 10637 ||| Stepping randomly (stuck).
 10638 | Lair:2   | 10638 ||| Stepping randomly (stuck).
 10639 | Lair:2   | 10639 ||| Stepping randomly (stuck).
 10640 | Lair:2   | 10640 ||| Stepping randomly (stuck).
 10641 | Lair:2   | 10641 ||| Stepping randomly (stuck).
 10642 | Lair:2   | 10642 ||| Stepping randomly (stuck).
 10643 | Lair:2   | 10643 ||| Stepping randomly (stuck).
 10644 | Lair:2   | 10644 ||| Stepping randomly (stuck).
 10645 | Lair:2   | 10645 ||| Stepping randomly (stuck).
 10646 | Lair:2   | 10646 ||| Stepping randomly (stuck).
 10647 | Lair:2   | 10647 ||| Stepping randomly (stuck).
 10648 | Lair:2   | 10648 ||| Stepping randomly (stuck).
 10649 | Lair:2   | 10649 ||| Stepping randomly (stuck).
 10650 | Lair:2   | 10650 ||| Stepping randomly (stuck).
 10651 | Lair:2   | 10651 ||| Stepping randomly (stuck).
 10652 | Lair:2   | 10652 ||| Stepping randomly (stuck).
 10653 | Lair:2   | 10653 ||| Stepping randomly (stuck).
 10654 | Lair:2   | 10654 ||| Stepping randomly (stuck).
 10655 | Lair:2   | 10655 ||| Stepping randomly (stuck).
 10656 | Lair:2   | 10656 ||| Stepping randomly (stuck).
 10657 | Lair:2   | 10657 ||| Stepping randomly (stuck).
 10658 | Lair:2   | 10658 ||| Stepping randomly (stuck).
 10659 | Lair:2   | 10659 ||| Stepping randomly (stuck).
 10660 | Lair:2   | 10660 ||| Stepping randomly (stuck).
 10661 | Lair:2   | 10661 ||| Stepping randomly (stuck).
 10662 | Lair:2   | 10662 ||| Stepping randomly (stuck).
 10663 | Lair:2   | 10663 ||| Stepping randomly (stuck).
 10664 | Lair:2   | 10664 ||| Stepping randomly (stuck).
 10665 | Lair:2   | 10665 ||| Stepping randomly (stuck).
 10666 | Lair:2   | 10666 ||| Stepping randomly (stuck).
 10667 | Lair:2   | 10667 ||| Stepping randomly (stuck).
 10668 | Lair:2   | 10668 ||| Stepping randomly (stuck).
 10669 | Lair:2   | 10669 ||| Stepping randomly (stuck).
 10670 | Lair:2   | 10670 ||| Stepping randomly (stuck).
 10671 | Lair:2   | 10671 ||| Stepping randomly (stuck).
 10672 | Lair:2   | 10672 ||| Stepping randomly (stuck).
 10673 | Lair:2   | 10673 ||| Stepping randomly (stuck).
 10674 | Lair:2   | 10674 ||| Stepping randomly (stuck).
 10675 | Lair:2   | 10675 ||| Stepping randomly (stuck).
 10676 | Lair:2   | 10676 ||| Stepping randomly (stuck).
 10677 | Lair:2   | 10677 ||| Stepping randomly (stuck).
 10678 | Lair:2   | 10678 ||| Stepping randomly (stuck).
 10679 | Lair:2   | 10679 ||| Stepping randomly (stuck).
 10680 | Lair:2   | 10680 ||| Stepping randomly (stuck).
 10681 | Lair:2   | 10681 ||| Stepping randomly (stuck).
 10682 | Lair:2   | 10682 ||| Stepping randomly (stuck).
 10683 | Lair:2   | 10683 ||| Stepping randomly (stuck).
 10684 | Lair:2   | 10684 ||| Stepping randomly (stuck).
 10685 | Lair:2   | 10685 ||| Stepping randomly (stuck).
 10686 | Lair:2   | 10686 ||| Stepping randomly (stuck).
 10687 | Lair:2   | 10687 ||| Stepping randomly (stuck).
 10688 | Lair:2   | 10688 ||| Stepping randomly (stuck).
 10689 | Lair:2   | 10689 ||| Stepping randomly (stuck).
 10690 | Lair:2   | 10690 ||| Stepping randomly (stuck).
 10691 | Lair:2   | 10691 ||| Stepping randomly (stuck).
 10692 | Lair:2   | 10692 ||| Stepping randomly (stuck).
 10693 | Lair:2   | 10693 ||| Stepping randomly (stuck).
 10694 | Lair:2   | 10694 ||| Stepping randomly (stuck).
 10695 | Lair:2   | 10695 ||| Stepping randomly (stuck).
 10696 | Lair:2   | 10696 ||| Stepping randomly (stuck).
 10697 | Lair:2   | 10697 ||| Stepping randomly (stuck).
 10698 | Lair:2   | 10698 ||| Stepping randomly (stuck).
 10699 | Lair:2   | 10699 ||| Stepping randomly (stuck).
 10700 | Lair:2   | 10700 ||| Stepping randomly (stuck).
 10701 | Lair:2   | 10701 ||| Stepping randomly (stuck).
 10702 | Lair:2   | 10702 ||| Stepping randomly (stuck).
 10703 | Lair:2   | 10703 ||| Stepping randomly (stuck).
 10704 | Lair:2   | 10704 ||| Stepping randomly (stuck).
 10705 | Lair:2   | 10705 ||| Stepping randomly (stuck).
 10706 | Lair:2   | 10706 ||| Stepping randomly (stuck).
 10707 | Lair:2   | 10707 ||| Stepping randomly (stuck).
 10708 | Lair:2   | 10708 ||| Stepping randomly (stuck).
 10709 | Lair:2   | 10709 ||| Stepping randomly (stuck).
 10710 | Lair:2   | 10710 ||| Stepping randomly (stuck).
 10711 | Lair:2   | 10711 ||| Stepping randomly (stuck).
 10712 | Lair:2   | 10712 ||| Stepping randomly (stuck).
 10713 | Lair:2   | 10713 ||| Stepping randomly (stuck).
 10714 | Lair:2   | 10714 ||| Stepping randomly (stuck).
 10715 | Lair:2   | 10715 ||| Stepping randomly (stuck).
 10716 | Lair:2   | 10716 ||| Stepping randomly (stuck).
 10717 | Lair:2   | 10717 ||| Stepping randomly (stuck).
 10718 | Lair:2   | 10718 ||| Stepping randomly (stuck).
 10719 | Lair:2   | 10719 ||| Stepping randomly (stuck).
 10720 | Lair:2   | 10720 ||| Stepping randomly (stuck).
 10721 | Lair:2   | 10721 ||| Stepping randomly (stuck).
 10722 | Lair:2   | 10722 ||| Stepping randomly (stuck).
 10723 | Lair:2   | 10723 ||| Stepping randomly (stuck).
 10724 | Lair:2   | 10724 ||| Stepping randomly (stuck).
 10725 | Lair:2   | 10725 ||| Stepping randomly (stuck).
 10726 | Lair:2   | 10726 ||| Stepping randomly (stuck).
 10727 | Lair:2   | 10727 ||| Stepping randomly (stuck).
 10728 | Lair:2   | 10728 ||| Stepping randomly (stuck).
 10729 | Lair:2   | 10729 ||| Stepping randomly (stuck).
 10730 | Lair:2   | 10730 ||| Stepping randomly (stuck).
 10731 | Lair:2   | 10731 ||| Stepping randomly (stuck).
 10732 | Lair:2   | 10732 ||| Stepping randomly (stuck).
 10733 | Lair:2   | 10733 ||| Stepping randomly (stuck).
 10734 | Lair:2   | 10734 ||| Stepping randomly (stuck).
 10735 | Lair:2   | 10735 ||| Stepping randomly (stuck).
 10736 | Lair:2   | 10736 ||| Stepping randomly (stuck).
 10737 | Lair:2   | 10737 ||| Stepping randomly (stuck).
 10738 | Lair:2   | 10738 ||| Stepping randomly (stuck).
 10739 | Lair:2   | 10739 ||| Stepping randomly (stuck).
 10740 | Lair:2   | 10740 ||| Stepping randomly (stuck).
 10741 | Lair:2   | 10741 ||| Stepping randomly (stuck).
 10742 | Lair:2   | 10742 ||| Stepping randomly (stuck).
 10743 | Lair:2   | 10743 ||| Stepping randomly (stuck).
 10744 | Lair:2   | 10744 ||| Stepping randomly (stuck).
 10745 | Lair:2   | 10745 ||| Stepping randomly (stuck).
 10746 | Lair:2   | 10746 ||| Stepping randomly (stuck).
 10747 | Lair:2   | 10747 ||| Stepping randomly (stuck).
 10748 | Lair:2   | 10748 ||| Stepping randomly (stuck).
 10749 | Lair:2   | 10749 ||| Stepping randomly (stuck).
 10750 | Lair:2   | 10750 ||| Stepping randomly (stuck).
 10751 | Lair:2   | 10751 ||| Stepping randomly (stuck).
 10752 | Lair:2   | 10752 ||| Stepping randomly (stuck).
 10753 | Lair:2   | 10753 ||| Stepping randomly (stuck).
 10754 | Lair:2   | 10754 ||| Stepping randomly (stuck).
 10755 | Lair:2   | 10755 ||| Stepping randomly (stuck).
 10756 | Lair:2   | 10756 ||| Stepping randomly (stuck).
 10757 | Lair:2   | 10757 ||| Stepping randomly (stuck).
 10758 | Lair:2   | 10758 ||| Stepping randomly (stuck).
 10759 | Lair:2   | 10759 ||| Stepping randomly (stuck).
 10760 | Lair:2   | 10760 ||| Stepping randomly (stuck).
 10761 | Lair:2   | 10761 ||| Stepping randomly (stuck).
 10762 | Lair:2   | 10762 ||| Stepping randomly (stuck).
 10763 | Lair:2   | 10763 ||| Stepping randomly (stuck).
 10764 | Lair:2   | 10764 ||| Stepping randomly (stuck).
 10765 | Lair:2   | 10765 ||| Stepping randomly (stuck).
 10766 | Lair:2   | 10766 ||| Stepping randomly (stuck).
 10767 | Lair:2   | 10767 ||| Stepping randomly (stuck).
 10768 | Lair:2   | 10768 ||| Stepping randomly (stuck).
 10769 | Lair:2   | 10769 ||| Stepping randomly (stuck).
 10770 | Lair:2   | 10770 ||| Stepping randomly (stuck).
 10771 | Lair:2   | 10771 ||| Stepping randomly (stuck).
 10772 | Lair:2   | 10772 ||| Stepping randomly (stuck).
 10773 | Lair:2   | 10773 ||| Stepping randomly (stuck).
 10774 | Lair:2   | 10774 ||| Stepping randomly (stuck).
 10775 | Lair:2   | 10775 ||| Stepping randomly (stuck).
 10776 | Lair:2   | 10776 ||| Stepping randomly (stuck).
 10777 | Lair:2   | 10777 ||| Stepping randomly (stuck).
 10778 | Lair:2   | 10778 ||| Stepping randomly (stuck).
 10779 | Lair:2   | 10779 ||| Stepping randomly (stuck).
 10780 | Lair:2   | 10780 ||| Stepping randomly (stuck).
 10781 | Lair:2   | 10781 ||| Stepping randomly (stuck).
 10782 | Lair:2   | 10782 ||| Stepping randomly (stuck).
 10783 | Lair:2   | 10783 ||| Stepping randomly (stuck).
 10784 | Lair:2   | 10784 ||| Stepping randomly (stuck).
 10785 | Lair:2   | 10785 ||| Stepping randomly (stuck).
 10786 | Lair:2   | 10786 ||| Stepping randomly (stuck).
 10787 | Lair:2   | 10787 ||| Stepping randomly (stuck).
 10788 | Lair:2   | 10788 ||| Stepping randomly (stuck).
 10789 | Lair:2   | 10789 ||| Stepping randomly (stuck).
 10790 | Lair:2   | 10790 ||| Stepping randomly (stuck).
 10791 | Lair:2   | 10791 ||| Stepping randomly (stuck).
 10792 | Lair:2   | 10792 ||| Stepping randomly (stuck).
 10793 | Lair:2   | 10793 ||| Stepping randomly (stuck).
 10794 | Lair:2   | 10794 ||| Stepping randomly (stuck).
 10795 | Lair:2   | 10795 ||| Stepping randomly (stuck).
 10796 | Lair:2   | 10796 ||| Stepping randomly (stuck).
 10797 | Lair:2   | 10797 ||| Stepping randomly (stuck).
 10798 | Lair:2   | 10798 ||| Stepping randomly (stuck).
 10799 | Lair:2   | 10799 ||| Stepping randomly (stuck).
 10800 | Lair:2   | 10800 ||| Stepping randomly (stuck).
 10801 | Lair:2   | 10801 ||| Stepping randomly (stuck).
 10802 | Lair:2   | 10802 ||| Stepping randomly (stuck).
 10803 | Lair:2   | 10803 ||| Stepping randomly (stuck).
 10804 | Lair:2   | 10804 ||| Stepping randomly (stuck).
 10805 | Lair:2   | 10805 ||| Stepping randomly (stuck).
 10806 | Lair:2   | 10806 ||| Stepping randomly (stuck).
 10807 | Lair:2   | 10807 ||| Stepping randomly (stuck).
 10808 | Lair:2   | 10808 ||| Stepping randomly (stuck).
 10809 | Lair:2   | 10809 ||| Stepping randomly (stuck).
 10810 | Lair:2   | 10810 ||| Stepping randomly (stuck).
 10811 | Lair:2   | 10811 ||| Stepping randomly (stuck).
 10812 | Lair:2   | 10812 ||| Stepping randomly (stuck).
 10813 | Lair:2   | 10813 ||| Stepping randomly (stuck).
 10814 | Lair:2   | 10814 ||| Stepping randomly (stuck).
 10815 | Lair:2   | 10815 ||| Stepping randomly (stuck).
 10816 | Lair:2   | 10816 ||| Stepping randomly (stuck).
 10817 | Lair:2   | 10817 ||| Stepping randomly (stuck).
 10818 | Lair:2   | 10818 ||| Stepping randomly (stuck).
 10819 | Lair:2   | 10819 ||| Stepping randomly (stuck).
 10820 | Lair:2   | 10820 ||| Stepping randomly (stuck).
 10821 | Lair:2   | 10821 ||| Stepping randomly (stuck).
 10822 | Lair:2   | 10822 ||| Stepping randomly (stuck).
 10823 | Lair:2   | 10823 ||| Stepping randomly (stuck).
 10824 | Lair:2   | 10824 ||| Stepping randomly (stuck).
 10825 | Lair:2   | 10825 ||| Stepping randomly (stuck).
 10826 | Lair:2   | 10826 ||| Stepping randomly (stuck).
 10827 | Lair:2   | 10827 ||| Stepping randomly (stuck).
 10828 | Lair:2   | 10828 ||| Stepping randomly (stuck).
 10829 | Lair:2   | 10829 ||| Stepping randomly (stuck).
 10830 | Lair:2   | 10830 ||| Stepping randomly (stuck).
 10831 | Lair:2   | 10831 ||| Stepping randomly (stuck).
 10832 | Lair:2   | 10832 ||| Stepping randomly (stuck).
 10833 | Lair:2   | 10833 ||| Stepping randomly (stuck).
 10834 | Lair:2   | 10834 ||| Stepping randomly (stuck).
 10835 | Lair:2   | 10835 ||| Stepping randomly (stuck).
 10836 | Lair:2   | 10836 ||| Stepping randomly (stuck).
 10837 | Lair:2   | 10837 ||| Stepping randomly (stuck).
 10838 | Lair:2   | 10838 ||| Stepping randomly (stuck).
 10839 | Lair:2   | 10839 ||| Stepping randomly (stuck).
 10840 | Lair:2   | 10840 ||| Stepping randomly (stuck).
 10841 | Lair:2   | 10841 ||| Stepping randomly (stuck).
 10842 | Lair:2   | 10842 ||| Stepping randomly (stuck).
 10843 | Lair:2   | 10843 ||| Stepping randomly (stuck).
 10844 | Lair:2   | 10844 ||| Stepping randomly (stuck).
 10845 | Lair:2   | 10845 ||| Stepping randomly (stuck).
 10846 | Lair:2   | 10846 ||| Stepping randomly (stuck).
 10847 | Lair:2   | 10847 ||| Stepping randomly (stuck).
 10848 | Lair:2   | 10848 ||| Stepping randomly (stuck).
 10849 | Lair:2   | 10849 ||| Stepping randomly (stuck).
 10850 | Lair:2   | 10850 ||| Stepping randomly (stuck).
 10851 | Lair:2   | 10851 ||| Stepping randomly (stuck).
 10852 | Lair:2   | 10852 ||| Stepping randomly (stuck).
 10853 | Lair:2   | 10853 ||| Stepping randomly (stuck).
 10854 | Lair:2   | 10854 ||| Stepping randomly (stuck).
 10855 | Lair:2   | 10855 ||| Stepping randomly (stuck).
 10856 | Lair:2   | 10856 ||| Stepping randomly (stuck).
 10857 | Lair:2   | 10857 ||| Stepping randomly (stuck).
 10858 | Lair:2   | 10858 ||| Stepping randomly (stuck).
 10859 | Lair:2   | 10859 ||| Stepping randomly (stuck).
 10860 | Lair:2   | 10860 ||| Stepping randomly (stuck).
 10861 | Lair:2   | 10861 ||| Stepping randomly (stuck).
 10862 | Lair:2   | 10862 ||| Stepping randomly (stuck).
 10863 | Lair:2   | 10863 ||| Stepping randomly (stuck).
 10864 | Lair:2   | 10864 ||| Stepping randomly (stuck).
 10865 | Lair:2   | 10865 ||| Stepping randomly (stuck).
 10866 | Lair:2   | 10866 ||| Stepping randomly (stuck).
 10867 | Lair:2   | 10867 ||| Stepping randomly (stuck).
 10868 | Lair:2   | 10868 ||| Stepping randomly (stuck).
 10869 | Lair:2   | 10869 ||| Stepping randomly (stuck).
 10870 | Lair:2   | 10870 ||| Stepping randomly (stuck).
 10871 | Lair:2   | 10871 ||| Stepping randomly (stuck).
 10872 | Lair:2   | 10872 ||| Stepping randomly (stuck).
 10873 | Lair:2   | 10873 ||| Stepping randomly (stuck).
 10874 | Lair:2   | 10874 ||| Stepping randomly (stuck).
 10875 | Lair:2   | 10875 ||| Stepping randomly (stuck).
 10876 | Lair:2   | 10876 ||| Stepping randomly (stuck).
 10877 | Lair:2   | 10877 ||| Stepping randomly (stuck).
 10878 | Lair:2   | 10878 ||| Stepping randomly (stuck).
 10879 | Lair:2   | 10879 ||| Stepping randomly (stuck).
 10880 | Lair:2   | 10880 ||| Stepping randomly (stuck).
 10881 | Lair:2   | 10881 ||| Stepping randomly (stuck).
 10882 | Lair:2   | 10882 ||| Stepping randomly (stuck).
 10883 | Lair:2   | 10883 ||| Stepping randomly (stuck).
 10884 | Lair:2   | 10884 ||| Stepping randomly (stuck).
 10885 | Lair:2   | 10885 ||| Stepping randomly (stuck).
 10886 | Lair:2   | 10886 ||| Stepping randomly (stuck).
 10887 | Lair:2   | 10887 ||| Stepping randomly (stuck).
 10888 | Lair:2   | 10888 ||| Stepping randomly (stuck).
 10889 | Lair:2   | 10889 ||| Stepping randomly (stuck).
 10890 | Lair:2   | 10890 ||| Stepping randomly (stuck).
 10891 | Lair:2   | 10891 ||| Stepping randomly (stuck).
 10892 | Lair:2   | 10892 ||| Stepping randomly (stuck).
 10893 | Lair:2   | 10893 ||| Stepping randomly (stuck).
 10894 | Lair:2   | 10894 ||| Stepping randomly (stuck).
 10895 | Lair:2   | 10895 ||| Stepping randomly (stuck).
 10896 | Lair:2   | 10896 ||| Stepping randomly (stuck).
 10897 | Lair:2   | 10897 ||| Stepping randomly (stuck).
 10898 | Lair:2   | 10898 ||| Stepping randomly (stuck).
 10899 | Lair:2   | 10899 ||| Stepping randomly (stuck).
 10900 | Lair:2   | 10900 ||| Stepping randomly (stuck).
 10901 | Lair:2   | 10901 ||| Stepping randomly (stuck).
 10902 | Lair:2   | 10902 ||| Stepping randomly (stuck).
 10903 | Lair:2   | 10903 ||| Stepping randomly (stuck).
 10904 | Lair:2   | 10904 ||| Stepping randomly (stuck).
 10905 | Lair:2   | 10905 ||| Stepping randomly (stuck).
 10906 | Lair:2   | 10906 ||| Stepping randomly (stuck).
 10907 | Lair:2   | 10907 ||| Stepping randomly (stuck).
 10908 | Lair:2   | 10908 ||| Stepping randomly (stuck).
 10909 | Lair:2   | 10909 ||| Stepping randomly (stuck).
 10910 | Lair:2   | 10910 ||| Stepping randomly (stuck).
 10911 | Lair:2   | 10911 ||| Stepping randomly (stuck).
 10912 | Lair:2   | 10912 ||| Stepping randomly (stuck).
 10913 | Lair:2   | 10913 ||| Stepping randomly (stuck).
 10914 | Lair:2   | 10914 ||| Stepping randomly (stuck).
 10915 | Lair:2   | 10915 ||| Stepping randomly (stuck).
 10916 | Lair:2   | 10916 ||| Stepping randomly (stuck).
 10917 | Lair:2   | 10917 ||| Stepping randomly (stuck).
 10918 | Lair:2   | 10918 ||| Stepping randomly (stuck).
 10919 | Lair:2   | 10919 ||| Stepping randomly (stuck).
 10920 | Lair:2   | 10920 ||| Stepping randomly (stuck).
 10921 | Lair:2   | 10921 ||| Stepping randomly (stuck).
 10922 | Lair:2   | 10922 ||| Stepping randomly (stuck).
 10923 | Lair:2   | 10923 ||| Stepping randomly (stuck).
 10924 | Lair:2   | 10924 ||| Stepping randomly (stuck).
 10925 | Lair:2   | 10925 ||| Stepping randomly (stuck).
 10926 | Lair:2   | 10926 ||| Stepping randomly (stuck).
 10927 | Lair:2   | 10927 ||| Stepping randomly (stuck).
 10928 | Lair:2   | 10928 ||| Stepping randomly (stuck).
 10929 | Lair:2   | 10929 ||| Stepping randomly (stuck).
 10930 | Lair:2   | 10930 ||| Stepping randomly (stuck).
 10931 | Lair:2   | 10931 ||| Stepping randomly (stuck).
 10932 | Lair:2   | 10932 ||| Stepping randomly (stuck).
 10933 | Lair:2   | 10933 ||| Stepping randomly (stuck).
 10934 | Lair:2   | 10934 ||| Stepping randomly (stuck).
 10935 | Lair:2   | 10935 ||| Stepping randomly (stuck).
 10936 | Lair:2   | 10936 ||| Stepping randomly (stuck).
 10937 | Lair:2   | 10937 ||| Stepping randomly (stuck).
 10938 | Lair:2   | 10938 ||| Stepping randomly (stuck).
 10939 | Lair:2   | 10939 ||| Stepping randomly (stuck).
 10940 | Lair:2   | 10940 ||| Stepping randomly (stuck).
 10941 | Lair:2   | 10941 ||| Stepping randomly (stuck).
 10942 | Lair:2   | 10942 ||| Stepping randomly (stuck).
 10943 | Lair:2   | 10943 ||| Stepping randomly (stuck).
 10944 | Lair:2   | 10944 ||| Stepping randomly (stuck).
 10945 | Lair:2   | 10945 ||| Stepping randomly (stuck).
 10946 | Lair:2   | 10946 ||| Stepping randomly (stuck).
 10947 | Lair:2   | 10947 ||| Stepping randomly (stuck).
 10948 | Lair:2   | 10948 ||| Stepping randomly (stuck).
 10949 | Lair:2   | 10949 ||| Stepping randomly (stuck).
 10950 | Lair:2   | 10950 ||| Stepping randomly (stuck).
 10951 | Lair:2   | 10951 ||| Stepping randomly (stuck).
 10952 | Lair:2   | 10952 ||| Stepping randomly (stuck).
 10953 | Lair:2   | 10953 ||| Stepping randomly (stuck).
 10954 | Lair:2   | 10954 ||| Stepping randomly (stuck).
 10955 | Lair:2   | 10955 ||| Stepping randomly (stuck).
 10956 | Lair:2   | 10956 ||| Stepping randomly (stuck).
 10957 | Lair:2   | 10957 ||| Stepping randomly (stuck).
 10958 | Lair:2   | 10958 ||| Stepping randomly (stuck).
 10959 | Lair:2   | 10959 ||| Stepping randomly (stuck).
 10960 | Lair:2   | 10960 ||| Stepping randomly (stuck).
 10961 | Lair:2   | 10961 ||| Stepping randomly (stuck).
 10962 | Lair:2   | 10962 ||| Stepping randomly (stuck).
 10963 | Lair:2   | 10963 ||| Stepping randomly (stuck).
 10964 | Lair:2   | 10964 ||| Stepping randomly (stuck).
 10965 | Lair:2   | 10965 ||| Stepping randomly (stuck).
 10966 | Lair:2   | 10966 ||| Stepping randomly (stuck).
 10967 | Lair:2   | 10967 ||| Stepping randomly (stuck).
 10968 | Lair:2   | 10968 ||| Stepping randomly (stuck).
 10969 | Lair:2   | 10969 ||| Stepping randomly (stuck).
 10970 | Lair:2   | 10970 ||| Stepping randomly (stuck).
 10971 | Lair:2   | 10971 ||| Stepping randomly (stuck).
 10972 | Lair:2   | 10972 ||| Stepping randomly (stuck).
 10973 | Lair:2   | 10973 ||| Stepping randomly (stuck).
 10974 | Lair:2   | 10974 ||| Stepping randomly (stuck).
 10975 | Lair:2   | 10975 ||| Stepping randomly (stuck).
 10976 | Lair:2   | 10976 ||| Stepping randomly (stuck).
 10977 | Lair:2   | 10977 ||| Stepping randomly (stuck).
 10978 | Lair:2   | 10978 ||| Stepping randomly (stuck).
 10979 | Lair:2   | 10979 ||| Stepping randomly (stuck).
 10980 | Lair:2   | 10980 ||| Stepping randomly (stuck).
 10981 | Lair:2   | 10981 ||| Stepping randomly (stuck).
 10982 | Lair:2   | 10982 ||| Stepping randomly (stuck).
 10983 | Lair:2   | 10983 ||| Stepping randomly (stuck).
 10984 | Lair:2   | 10984 ||| Stepping randomly (stuck).
 10985 | Lair:2   | 10985 ||| Stepping randomly (stuck).
 10986 | Lair:2   | 10986 ||| Stepping randomly (stuck).
 10987 | Lair:2   | 10987 ||| Stepping randomly (stuck).
 10988 | Lair:2   | 10988 ||| Stepping randomly (stuck).
 10989 | Lair:2   | 10989 ||| Stepping randomly (stuck).
 10990 | Lair:2   | 10990 ||| Stepping randomly (stuck).
 10991 | Lair:2   | 10991 ||| Stepping randomly (stuck).
 10992 | Lair:2   | 10992 ||| Stepping randomly (stuck).
 10993 | Lair:2   | 10993 ||| Stepping randomly (stuck).
 10994 | Lair:2   | 10994 ||| Stepping randomly (stuck).
 10995 | Lair:2   | 10995 ||| Stepping randomly (stuck).
 10996 | Lair:2   | 10996 ||| Stepping randomly (stuck).
 10997 | Lair:2   | 10997 ||| Stepping randomly (stuck).
 10998 | Lair:2   | 10998 ||| Stepping randomly (stuck).
 10999 | Lair:2   | 10999 ||| Stepping randomly (stuck).
 11000 | Lair:2   | 11000 ||| Stepping randomly (stuck).
 11001 | Lair:2   | 11001 ||| Stepping randomly (stuck).
 11002 | Lair:2   | 11002 ||| Stepping randomly (stuck).
 11003 | Lair:2   | 11003 ||| Stepping randomly (stuck).
 11004 | Lair:2   | 11004 ||| Stepping randomly (stuck).
 11005 | Lair:2   | 11005 ||| Stepping randomly (stuck).
 11006 | Lair:2   | 11006 ||| Stepping randomly (stuck).
 11007 | Lair:2   | 11007 ||| Stepping randomly (stuck).
 11008 | Lair:2   | 11008 ||| Stepping randomly (stuck).
 11009 | Lair:2   | 11009 ||| Stepping randomly (stuck).
 11010 | Lair:2   | 11010 ||| Stepping randomly (stuck).
 11011 | Lair:2   | 11011 ||| Stepping randomly (stuck).
 11012 | Lair:2   | 11012 ||| Stepping randomly (stuck).
 11013 | Lair:2   | 11013 ||| Stepping randomly (stuck).
 11014 | Lair:2   | 11014 ||| Stepping randomly (stuck).
 11015 | Lair:2   | 11015 ||| Stepping randomly (stuck).
 11016 | Lair:2   | 11016 ||| Stepping randomly (stuck).
 11017 | Lair:2   | 11017 ||| Stepping randomly (stuck).
 11018 | Lair:2   | 11018 ||| Stepping randomly (stuck).
 11019 | Lair:2   | 11019 ||| Stepping randomly (stuck).
 11020 | Lair:2   | 11020 ||| Stepping randomly (stuck).
 11021 | Lair:2   | 11021 ||| Stepping randomly (stuck).
 11022 | Lair:2   | 11022 ||| Stepping randomly (stuck).
 11023 | Lair:2   | 11023 ||| Stepping randomly (stuck).
 11024 | Lair:2   | 11024 ||| Stepping randomly (stuck).
 11025 | Lair:2   | 11025 ||| Stepping randomly (stuck).
 11026 | Lair:2   | 11026 ||| Stepping randomly (stuck).
 11027 | Lair:2   | 11027 ||| Stepping randomly (stuck).
 11028 | Lair:2   | 11028 ||| Stepping randomly (stuck).
 11029 | Lair:2   | 11029 ||| Stepping randomly (stuck).
 11030 | Lair:2   | 11030 ||| Stepping randomly (stuck).
 11031 | Lair:2   | 11031 ||| Stepping randomly (stuck).
 11032 | Lair:2   | 11032 ||| Stepping randomly (stuck).
 11033 | Lair:2   | 11033 ||| Stepping randomly (stuck).
 11034 | Lair:2   | 11034 ||| Stepping randomly (stuck).
 11035 | Lair:2   | 11035 ||| Stepping randomly (stuck).
 11036 | Lair:2   | 11036 ||| Stepping randomly (stuck).
 11037 | Lair:2   | 11037 ||| Stepping randomly (stuck).
 11038 | Lair:2   | 11038 ||| Stepping randomly (stuck).
 11039 | Lair:2   | 11039 ||| Stepping randomly (stuck).
 11040 | Lair:2   | 11040 ||| Stepping randomly (stuck).
 11041 | Lair:2   | 11041 ||| Stepping randomly (stuck).
 11042 | Lair:2   | 11042 ||| Stepping randomly (stuck).
 11043 | Lair:2   | 11043 ||| Stepping randomly (stuck).
 11044 | Lair:2   | 11044 ||| Stepping randomly (stuck).
 11045 | Lair:2   | 11045 ||| Stepping randomly (stuck).
 11046 | Lair:2   | 11046 ||| Stepping randomly (stuck).
 11047 | Lair:2   | 11047 ||| Stepping randomly (stuck).
 11048 | Lair:2   | 11048 ||| Stepping randomly (stuck).
 11049 | Lair:2   | 11049 ||| Stepping randomly (stuck).
 11050 | Lair:2   | 11050 ||| Stepping randomly (stuck).
 11051 | Lair:2   | 11051 ||| Stepping randomly (stuck).
 11052 | Lair:2   | 11052 ||| Stepping randomly (stuck).
 11053 | Lair:2   | 11053 ||| Stepping randomly (stuck).
 11054 | Lair:2   | 11054 ||| Stepping randomly (stuck).
 11055 | Lair:2   | 11055 ||| Stepping randomly (stuck).
 11056 | Lair:2   | 11056 ||| Stepping randomly (stuck).
 11057 | Lair:2   | 11057 ||| Stepping randomly (stuck).
 11058 | Lair:2   | 11058 ||| Stepping randomly (stuck).
 11059 | Lair:2   | 11059 ||| Stepping randomly (stuck).
 11060 | Lair:2   | 11060 ||| Stepping randomly (stuck).
 11061 | Lair:2   | 11061 ||| Stepping randomly (stuck).
 11062 | Lair:2   | 11062 ||| Stepping randomly (stuck).
 11063 | Lair:2   | 11063 ||| Stepping randomly (stuck).
 11064 | Lair:2   | 11064 ||| Stepping randomly (stuck).
 11065 | Lair:2   | 11065 ||| Stepping randomly (stuck).
 11066 | Lair:2   | 11066 ||| Stepping randomly (stuck).
 11067 | Lair:2   | 11067 ||| Stepping randomly (stuck).
 11068 | Lair:2   | 11068 ||| Stepping randomly (stuck).
 11069 | Lair:2   | 11069 ||| Stepping randomly (stuck).
 11070 | Lair:2   | 11070 ||| Stepping randomly (stuck).
 11071 | Lair:2   | 11071 ||| Stepping randomly (stuck).
 11072 | Lair:2   | 11072 ||| Stepping randomly (stuck).
 11073 | Lair:2   | 11073 ||| Stepping randomly (stuck).
 11074 | Lair:2   | 11074 ||| Stepping randomly (stuck).
 11075 | Lair:2   | 11075 ||| Stepping randomly (stuck).
 11076 | Lair:2   | 11076 ||| Stepping randomly (stuck).
 11077 | Lair:2   | 11077 ||| Stepping randomly (stuck).
 11078 | Lair:2   | 11078 ||| Stepping randomly (stuck).
 11079 | Lair:2   | 11079 ||| Stepping randomly (stuck).
 11080 | Lair:2   | 11080 ||| Stepping randomly (stuck).
 11081 | Lair:2   | 11081 ||| Stepping randomly (stuck).
 11082 | Lair:2   | 11082 ||| Stepping randomly (stuck).
 11083 | Lair:2   | 11083 ||| Stepping randomly (stuck).
 11084 | Lair:2   | 11084 ||| Stepping randomly (stuck).
 11085 | Lair:2   | 11085 ||| Stepping randomly (stuck).
 11086 | Lair:2   | 11086 ||| Stepping randomly (stuck).
 11087 | Lair:2   | 11087 ||| Stepping randomly (stuck).
 11088 | Lair:2   | 11088 ||| Stepping randomly (stuck).
 11089 | Lair:2   | 11089 ||| Stepping randomly (stuck).
 11090 | Lair:2   | 11090 ||| Stepping randomly (stuck).
 11091 | Lair:2   | 11091 ||| Stepping randomly (stuck).
 11092 | Lair:2   | 11092 ||| Stepping randomly (stuck).
 11093 | Lair:2   | 11093 ||| Stepping randomly (stuck).
 11094 | Lair:2   | 11094 ||| Stepping randomly (stuck).
 11095 | Lair:2   | 11095 ||| Stepping randomly (stuck).
 11096 | Lair:2   | 11096 ||| Stepping randomly (stuck).
 11097 | Lair:2   | 11097 ||| Stepping randomly (stuck).
 11098 | Lair:2   | 11098 ||| Stepping randomly (stuck).
 11099 | Lair:2   | 11099 ||| Stepping randomly (stuck).
 11100 | Lair:2   | 11100 ||| Stepping randomly (stuck).
 11101 | Lair:2   | 11101 ||| Stepping randomly (stuck).
 11102 | Lair:2   | 11102 ||| Stepping randomly (stuck).
 11103 | Lair:2   | 11103 ||| Stepping randomly (stuck).
 11104 | Lair:2   | 11104 ||| Stepping randomly (stuck).
 11105 | Lair:2   | 11105 ||| Stepping randomly (stuck).
 11106 | Lair:2   | 11106 ||| Stepping randomly (stuck).
 11107 | Lair:2   | 11107 ||| Stepping randomly (stuck).
 11108 | Lair:2   | 11108 ||| Stepping randomly (stuck).
 11109 | Lair:2   | 11109 ||| Stepping randomly (stuck).
 11110 | Lair:2   | 11110 ||| Stepping randomly (stuck).
 11111 | Lair:2   | 11111 ||| Stepping randomly (stuck).
 11112 | Lair:2   | 11112 ||| Stepping randomly (stuck).
 11113 | Lair:2   | 11113 ||| Stepping randomly (stuck).
 11114 | Lair:2   | 11114 ||| Stepping randomly (stuck).
 11115 | Lair:2   | 11115 ||| Stepping randomly (stuck).
 11116 | Lair:2   | 11116 ||| Stepping randomly (stuck).
 11117 | Lair:2   | 11117 ||| Stepping randomly (stuck).
 11118 | Lair:2   | 11118 ||| Stepping randomly (stuck).
 11119 | Lair:2   | 11119 ||| Stepping randomly (stuck).
 11120 | Lair:2   | 11120 ||| Stepping randomly (stuck).
 11121 | Lair:2   | 11121 ||| Stepping randomly (stuck).
 11122 | Lair:2   | 11122 ||| Stepping randomly (stuck).
 11123 | Lair:2   | 11123 ||| Stepping randomly (stuck).
 11124 | Lair:2   | 11124 ||| Stepping randomly (stuck).
 11125 | Lair:2   | 11125 ||| Stepping randomly (stuck).
 11126 | Lair:2   | 11126 ||| Stepping randomly (stuck).
 11127 | Lair:2   | 11127 ||| Stepping randomly (stuck).
 11128 | Lair:2   | 11128 ||| Stepping randomly (stuck).
 11129 | Lair:2   | 11129 ||| Stepping randomly (stuck).
 11130 | Lair:2   | 11130 ||| Stepping randomly (stuck).
 11131 | Lair:2   | 11131 ||| Stepping randomly (stuck).
 11132 | Lair:2   | 11132 ||| Stepping randomly (stuck).
 11133 | Lair:2   | 11133 ||| Stepping randomly (stuck).
 11134 | Lair:2   | 11134 ||| Stepping randomly (stuck).
 11135 | Lair:2   | 11135 ||| Stepping randomly (stuck).
 11136 | Lair:2   | 11136 ||| Stepping randomly (stuck).
 11137 | Lair:2   | 11137 ||| Stepping randomly (stuck).
 11138 | Lair:2   | 11138 ||| Stepping randomly (stuck).
 11139 | Lair:2   | 11139 ||| Stepping randomly (stuck).
 11140 | Lair:2   | 11140 ||| Stepping randomly (stuck).
 11141 | Lair:2   | 11141 ||| Stepping randomly (stuck).
 11142 | Lair:2   | 11142 ||| Stepping randomly (stuck).
 11143 | Lair:2   | 11143 ||| Stepping randomly (stuck).
 11144 | Lair:2   | 11144 ||| Stepping randomly (stuck).
 11145 | Lair:2   | 11145 ||| Stepping randomly (stuck).
 11146 | Lair:2   | 11146 ||| Stepping randomly (stuck).
 11147 | Lair:2   | 11147 ||| Stepping randomly (stuck).
 11148 | Lair:2   | 11148 ||| Stepping randomly (stuck).
 11149 | Lair:2   | 11149 ||| Stepping randomly (stuck).
 11150 | Lair:2   | 11150 ||| Stepping randomly (stuck).
 11151 | Lair:2   | 11151 ||| Stepping randomly (stuck).
 11152 | Lair:2   | 11152 ||| Stepping randomly (stuck).
 11153 | Lair:2   | 11153 ||| Stepping randomly (stuck).
 11154 | Lair:2   | 11154 ||| Stepping randomly (stuck).
 11155 | Lair:2   | 11155 ||| Stepping randomly (stuck).
 11156 | Lair:2   | 11156 ||| Stepping randomly (stuck).
 11157 | Lair:2   | 11157 ||| Stepping randomly (stuck).
 11158 | Lair:2   | 11158 ||| Stepping randomly (stuck).
 11159 | Lair:2   | 11159 ||| Stepping randomly (stuck).
 11160 | Lair:2   | 11160 ||| Stepping randomly (stuck).
 11161 | Lair:2   | 11161 ||| Stepping randomly (stuck).
 11162 | Lair:2   | 11162 ||| Stepping randomly (stuck).
 11163 | Lair:2   | 11163 ||| Stepping randomly (stuck).
 11164 | Lair:2   | 11164 ||| Stepping randomly (stuck).
 11165 | Lair:2   | 11165 ||| Stepping randomly (stuck).
 11166 | Lair:2   | 11166 ||| Stepping randomly (stuck).
 11167 | Lair:2   | 11167 ||| Stepping randomly (stuck).
 11168 | Lair:2   | 11168 ||| Stepping randomly (stuck).
 11169 | Lair:2   | 11169 ||| Stepping randomly (stuck).
 11170 | Lair:2   | 11170 ||| Stepping randomly (stuck).
 11171 | Lair:2   | 11171 ||| Stepping randomly (stuck).
 11172 | Lair:2   | 11172 ||| Stepping randomly (stuck).
 11173 | Lair:2   | 11173 ||| Stepping randomly (stuck).
 11174 | Lair:2   | 11174 ||| Stepping randomly (stuck).
 11175 | Lair:2   | 11175 ||| Stepping randomly (stuck).
 11176 | Lair:2   | 11176 ||| Stepping randomly (stuck).
 11177 | Lair:2   | 11177 ||| Stepping randomly (stuck).
 11178 | Lair:2   | 11178 ||| Stepping randomly (stuck).
 11179 | Lair:2   | 11179 ||| Stepping randomly (stuck).
 11180 | Lair:2   | 11180 ||| Stepping randomly (stuck).
 11181 | Lair:2   | 11181 ||| Stepping randomly (stuck).
 11182 | Lair:2   | 11182 ||| Stepping randomly (stuck).
 11183 | Lair:2   | 11183 ||| Stepping randomly (stuck).
 11184 | Lair:2   | 11184 ||| Stepping randomly (stuck).
 11185 | Lair:2   | 11185 ||| Stepping randomly (stuck).
 11186 | Lair:2   | 11186 ||| Stepping randomly (stuck).
 11187 | Lair:2   | 11187 ||| Stepping randomly (stuck).
 11188 | Lair:2   | 11188 ||| Stepping randomly (stuck).
 11189 | Lair:2   | 11189 ||| Stepping randomly (stuck).
 11190 | Lair:2   | 11190 ||| Stepping randomly (stuck).
 11191 | Lair:2   | 11191 ||| Stepping randomly (stuck).
 11192 | Lair:2   | 11192 ||| Stepping randomly (stuck).
 11193 | Lair:2   | 11193 ||| Stepping randomly (stuck).
 11194 | Lair:2   | 11194 ||| Stepping randomly (stuck).
 11195 | Lair:2   | 11195 ||| Stepping randomly (stuck).
 11196 | Lair:2   | 11196 ||| Stepping randomly (stuck).
 11197 | Lair:2   | 11197 ||| Stepping randomly (stuck).
 11198 | Lair:2   | 11198 ||| Stepping randomly (stuck).
 11199 | Lair:2   | 11199 ||| Stepping randomly (stuck).
 11200 | Lair:2   | 11200 ||| Stepping randomly (stuck).
 11201 | Lair:2   | 11201 ||| Stepping randomly (stuck).
 11202 | Lair:2   | 11202 ||| Stepping randomly (stuck).
 11203 | Lair:2   | 11203 ||| Stepping randomly (stuck).
 11204 | Lair:2   | 11204 ||| Stepping randomly (stuck).
 11205 | Lair:2   | 11205 ||| Stepping randomly (stuck).
 11206 | Lair:2   | 11206 ||| Stepping randomly (stuck).
 11207 | Lair:2   | 11207 ||| Stepping randomly (stuck).
 11208 | Lair:2   | 11208 ||| Stepping randomly (stuck).
 11209 | Lair:2   | 11209 ||| Stepping randomly (stuck).
 11210 | Lair:2   | 11210 ||| Stepping randomly (stuck).
 11211 | Lair:2   | 11211 ||| Stepping randomly (stuck).
 11212 | Lair:2   | 11212 ||| Stepping randomly (stuck).
 11213 | Lair:2   | 11213 ||| Stepping randomly (stuck).
 11214 | Lair:2   | 11214 ||| Stepping randomly (stuck).
 11215 | Lair:2   | 11215 ||| Stepping randomly (stuck).
 11216 | Lair:2   | 11216 ||| Stepping randomly (stuck).
 11217 | Lair:2   | 11217 ||| Stepping randomly (stuck).
 11218 | Lair:2   | 11218 ||| Stepping randomly (stuck).
 11219 | Lair:2   | 11219 ||| Stepping randomly (stuck).
 11220 | Lair:2   | 11220 ||| Stepping randomly (stuck).
 11221 | Lair:2   | 11221 ||| Stepping randomly (stuck).
 11222 | Lair:2   | 11222 ||| Stepping randomly (stuck).
 11223 | Lair:2   | 11223 ||| Stepping randomly (stuck).
 11224 | Lair:2   | 11224 ||| Stepping randomly (stuck).
 11225 | Lair:2   | 11225 ||| Stepping randomly (stuck).
 11226 | Lair:2   | 11226 ||| Stepping randomly (stuck).
 11227 | Lair:2   | 11227 ||| Stepping randomly (stuck).
 11228 | Lair:2   | 11228 ||| Stepping randomly (stuck).
 11229 | Lair:2   | 11229 ||| Stepping randomly (stuck).
 11230 | Lair:2   | 11230 ||| Stepping randomly (stuck).
 11231 | Lair:2   | 11231 ||| Stepping randomly (stuck).
 11232 | Lair:2   | 11232 ||| Stepping randomly (stuck).
 11233 | Lair:2   | 11233 ||| Stepping randomly (stuck).
 11234 | Lair:2   | 11234 ||| Stepping randomly (stuck).
 11235 | Lair:2   | 11235 ||| Stepping randomly (stuck).
 11236 | Lair:2   | 11236 ||| Stepping randomly (stuck).
 11237 | Lair:2   | 11237 ||| Stepping randomly (stuck).
 11238 | Lair:2   | 11238 ||| Stepping randomly (stuck).
 11239 | Lair:2   | 11239 ||| Stepping randomly (stuck).
 11240 | Lair:2   | 11240 ||| Stepping randomly (stuck).
 11241 | Lair:2   | 11241 ||| Stepping randomly (stuck).
 11242 | Lair:2   | 11242 ||| Stepping randomly (stuck).
 11243 | Lair:2   | 11243 ||| Stepping randomly (stuck).
 11244 | Lair:2   | 11244 ||| Stepping randomly (stuck).
 11245 | Lair:2   | 11245 ||| Stepping randomly (stuck).
 11246 | Lair:2   | 11246 ||| Stepping randomly (stuck).
 11247 | Lair:2   | 11247 ||| Stepping randomly (stuck).
 11248 | Lair:2   | 11248 ||| Stepping randomly (stuck).
 11249 | Lair:2   | 11249 ||| Stepping randomly (stuck).
 11250 | Lair:2   | 11250 ||| Stepping randomly (stuck).
 11251 | Lair:2   | 11251 ||| Stepping randomly (stuck).
 11252 | Lair:2   | 11252 ||| Stepping randomly (stuck).
 11253 | Lair:2   | 11253 ||| Stepping randomly (stuck).
 11254 | Lair:2   | 11254 ||| Stepping randomly (stuck).
 11255 | Lair:2   | 11255 ||| Stepping randomly (stuck).
 11256 | Lair:2   | 11256 ||| Stepping randomly (stuck).
 11257 | Lair:2   | 11257 ||| Stepping randomly (stuck).
 11258 | Lair:2   | 11258 ||| Stepping randomly (stuck).
 11259 | Lair:2   | 11259 ||| Stepping randomly (stuck).
 11260 | Lair:2   | 11260 ||| Stepping randomly (stuck).
 11261 | Lair:2   | 11261 ||| Stepping randomly (stuck).
 11262 | Lair:2   | 11262 ||| Stepping randomly (stuck).
 11263 | Lair:2   | 11263 ||| Stepping randomly (stuck).
 11264 | Lair:2   | 11264 ||| Stepping randomly (stuck).
 11265 | Lair:2   | 11265 ||| Stepping randomly (stuck).
 11266 | Lair:2   | 11266 ||| Stepping randomly (stuck).
 11267 | Lair:2   | 11267 ||| Stepping randomly (stuck).
 11268 | Lair:2   | 11268 ||| Stepping randomly (stuck).
 11269 | Lair:2   | 11269 ||| Stepping randomly (stuck).
 11270 | Lair:2   | 11270 ||| Stepping randomly (stuck).
 11271 | Lair:2   | 11271 ||| Stepping randomly (stuck).
 11272 | Lair:2   | 11272 ||| Stepping randomly (stuck).
 11273 | Lair:2   | 11273 ||| Stepping randomly (stuck).
 11274 | Lair:2   | 11274 ||| Stepping randomly (stuck).
 11275 | Lair:2   | 11275 ||| Stepping randomly (stuck).
 11276 | Lair:2   | 11276 ||| Stepping randomly (stuck).
 11277 | Lair:2   | 11277 ||| Stepping randomly (stuck).
 11278 | Lair:2   | 11278 ||| Stepping randomly (stuck).
 11279 | Lair:2   | 11279 ||| Stepping randomly (stuck).
 11280 | Lair:2   | 11280 ||| Stepping randomly (stuck).
 11281 | Lair:2   | 11281 ||| Stepping randomly (stuck).
 11282 | Lair:2   | 11282 ||| Stepping randomly (stuck).
 11283 | Lair:2   | 11283 ||| Stepping randomly (stuck).
 11284 | Lair:2   | 11284 ||| Stepping randomly (stuck).
 11285 | Lair:2   | 11285 ||| Stepping randomly (stuck).
 11286 | Lair:2   | 11286 ||| Stepping randomly (stuck).
 11287 | Lair:2   | 11287 ||| Stepping randomly (stuck).
 11288 | Lair:2   | 11288 ||| Stepping randomly (stuck).
 11289 | Lair:2   | 11289 ||| Stepping randomly (stuck).
 11290 | Lair:2   | 11290 ||| Stepping randomly (stuck).
 11291 | Lair:2   | 11291 ||| Stepping randomly (stuck).
 11292 | Lair:2   | 11292 ||| Stepping randomly (stuck).
 11293 | Lair:2   | 11293 ||| Stepping randomly (stuck).
 11294 | Lair:2   | 11294 ||| Stepping randomly (stuck).
 11295 | Lair:2   | 11295 ||| Stepping randomly (stuck).
 11296 | Lair:2   | 11296 ||| Stepping randomly (stuck).
 11297 | Lair:2   | 11297 ||| Stepping randomly (stuck).
 11298 | Lair:2   | 11298 ||| Stepping randomly (stuck).
 11299 | Lair:2   | 11299 ||| Stepping randomly (stuck).
 11300 | Lair:2   | 11300 ||| Stepping randomly (stuck).
 11301 | Lair:2   | 11301 ||| Stepping randomly (stuck).
 11302 | Lair:2   | 11302 ||| Stepping randomly (stuck).
 11303 | Lair:2   | 11303 ||| Stepping randomly (stuck).
 11304 | Lair:2   | 11304 ||| Stepping randomly (stuck).
 11305 | Lair:2   | 11305 ||| Stepping randomly (stuck).
 11306 | Lair:2   | 11306 ||| Stepping randomly (stuck).
 11307 | Lair:2   | 11307 ||| Stepping randomly (stuck).
 11308 | Lair:2   | 11308 ||| Stepping randomly (stuck).
 11309 | Lair:2   | 11309 ||| Stepping randomly (stuck).
 11310 | Lair:2   | 11310 ||| Stepping randomly (stuck).
 11311 | Lair:2   | 11311 ||| Stepping randomly (stuck).
 11312 | Lair:2   | 11312 ||| Stepping randomly (stuck).
 11313 | Lair:2   | 11313 ||| Stepping randomly (stuck).
 11314 | Lair:2   | 11314 ||| Stepping randomly (stuck).
 11315 | Lair:2   | 11315 ||| Stepping randomly (stuck).
 11316 | Lair:2   | 11316 ||| Stepping randomly (stuck).
 11317 | Lair:2   | 11317 ||| Stepping randomly (stuck).
 11318 | Lair:2   | 11318 ||| Stepping randomly (stuck).
 11319 | Lair:2   | 11319 ||| Stepping randomly (stuck).
 11320 | Lair:2   | 11320 ||| Stepping randomly (stuck).
 11321 | Lair:2   | 11321 ||| Stepping randomly (stuck).
 11322 | Lair:2   | 11322 ||| Stepping randomly (stuck).
 11323 | Lair:2   | 11323 ||| Stepping randomly (stuck).
 11324 | Lair:2   | 11324 ||| Stepping randomly (stuck).
 11325 | Lair:2   | 11325 ||| Stepping randomly (stuck).
 11326 | Lair:2   | 11326 ||| Stepping randomly (stuck).
 11327 | Lair:2   | 11327 ||| Stepping randomly (stuck).
 11328 | Lair:2   | 11328 ||| Stepping randomly (stuck).
 11329 | Lair:2   | 11329 ||| Stepping randomly (stuck).
 11330 | Lair:2   | 11330 ||| Stepping randomly (stuck).
 11331 | Lair:2   | 11331 ||| Stepping randomly (stuck).
 11332 | Lair:2   | 11332 ||| Stepping randomly (stuck).
 11333 | Lair:2   | 11333 ||| Stepping randomly (stuck).
 11334 | Lair:2   | 11334 ||| Stepping randomly (stuck).
 11335 | Lair:2   | 11335 ||| Stepping randomly (stuck).
 11336 | Lair:2   | 11336 ||| Stepping randomly (stuck).
 11337 | Lair:2   | 11337 ||| Stepping randomly (stuck).
 11338 | Lair:2   | 11338 ||| Stepping randomly (stuck).
 11339 | Lair:2   | 11339 ||| Stepping randomly (stuck).
 11340 | Lair:2   | 11340 ||| Stepping randomly (stuck).
 11341 | Lair:2   | 11341 ||| Stepping randomly (stuck).
 11342 | Lair:2   | 11342 ||| Stepping randomly (stuck).
 11343 | Lair:2   | 11343 ||| Stepping randomly (stuck).
 11344 | Lair:2   | 11344 ||| Stepping randomly (stuck).
 11345 | Lair:2   | 11345 ||| Stepping randomly (stuck).
 11346 | Lair:2   | 11346 ||| Stepping randomly (stuck).
 11347 | Lair:2   | 11347 ||| Stepping randomly (stuck).
 11348 | Lair:2   | 11348 ||| Stepping randomly (stuck).
 11349 | Lair:2   | 11349 ||| Stepping randomly (stuck).
 11350 | Lair:2   | 11350 ||| Stepping randomly (stuck).
 11351 | Lair:2   | 11351 ||| Stepping randomly (stuck).
 11352 | Lair:2   | 11352 ||| Stepping randomly (stuck).
 11353 | Lair:2   | 11353 ||| Stepping randomly (stuck).
 11354 | Lair:2   | 11354 ||| Stepping randomly (stuck).
 11355 | Lair:2   | 11355 ||| Stepping randomly (stuck).
 11356 | Lair:2   | 11356 ||| Stepping randomly (stuck).
 11357 | Lair:2   | 11357 ||| Stepping randomly (stuck).
 11358 | Lair:2   | 11358 ||| Stepping randomly (stuck).
 11359 | Lair:2   | 11359 ||| Stepping randomly (stuck).
 11360 | Lair:2   | 11360 ||| Stepping randomly (stuck).
 11361 | Lair:2   | 11361 ||| Stepping randomly (stuck).
 11362 | Lair:2   | 11362 ||| Stepping randomly (stuck).
 11363 | Lair:2   | 11363 ||| Stepping randomly (stuck).
 11364 | Lair:2   | 11364 ||| Stepping randomly (stuck).
 11365 | Lair:2   | 11365 ||| Stepping randomly (stuck).
 11366 | Lair:2   | 11366 ||| Stepping randomly (stuck).
 11367 | Lair:2   | 11367 ||| Stepping randomly (stuck).
 11368 | Lair:2   | 11368 ||| Stepping randomly (stuck).
 11369 | Lair:2   | 11369 ||| Stepping randomly (stuck).
 11370 | Lair:2   | 11370 ||| Stepping randomly (stuck).
 11371 | Lair:2   | 11371 ||| Stepping randomly (stuck).
 11372 | Lair:2   | 11372 ||| Stepping randomly (stuck).
 11373 | Lair:2   | 11373 ||| Stepping randomly (stuck).
 11374 | Lair:2   | 11374 ||| Stepping randomly (stuck).
 11375 | Lair:2   | 11375 ||| Stepping randomly (stuck).
 11376 | Lair:2   | 11376 ||| Stepping randomly (stuck).
 11377 | Lair:2   | 11377 ||| Stepping randomly (stuck).
 11378 | Lair:2   | 11378 ||| Stepping randomly (stuck).
 11379 | Lair:2   | 11379 ||| Stepping randomly (stuck).
 11380 | Lair:2   | 11380 ||| Stepping randomly (stuck).
 11381 | Lair:2   | 11381 ||| Stepping randomly (stuck).
 11382 | Lair:2   | 11382 ||| Stepping randomly (stuck).
 11383 | Lair:2   | 11383 ||| Stepping randomly (stuck).
 11384 | Lair:2   | 11384 ||| Stepping randomly (stuck).
 11385 | Lair:2   | 11385 ||| Stepping randomly (stuck).
 11386 | Lair:2   | 11386 ||| Stepping randomly (stuck).
 11387 | Lair:2   | 11387 ||| Stepping randomly (stuck).
 11388 | Lair:2   | 11388 ||| Stepping randomly (stuck).
 11389 | Lair:2   | 11389 ||| Stepping randomly (stuck).
 11390 | Lair:2   | 11390 ||| Stepping randomly (stuck).
 11391 | Lair:2   | 11391 ||| Stepping randomly (stuck).
 11392 | Lair:2   | 11392 ||| Stepping randomly (stuck).
 11393 | Lair:2   | 11393 ||| Stepping randomly (stuck).
 11394 | Lair:2   | 11394 ||| Stepping randomly (stuck).
 11395 | Lair:2   | 11395 ||| Stepping randomly (stuck).
 11396 | Lair:2   | 11396 ||| Stepping randomly (stuck).
 11397 | Lair:2   | 11397 ||| Stepping randomly (stuck).
 11398 | Lair:2   | 11398 ||| Stepping randomly (stuck).
 11399 | Lair:2   | 11399 ||| Stepping randomly (stuck).
 11400 | Lair:2   | 11400 ||| Stepping randomly (stuck).
 11401 | Lair:2   | 11401 ||| Stepping randomly (stuck).
 11402 | Lair:2   | 11402 ||| Stepping randomly (stuck).
 11403 | Lair:2   | 11403 ||| Stepping randomly (stuck).
 11404 | Lair:2   | 11404 ||| Stepping randomly (stuck).
 11405 | Lair:2   | 11405 ||| Stepping randomly (stuck).
 11406 | Lair:2   | 11406 ||| Stepping randomly (stuck).
 11407 | Lair:2   | 11407 ||| Stepping randomly (stuck).
 11408 | Lair:2   | 11408 ||| Stepping randomly (stuck).
 11409 | Lair:2   | 11409 ||| Stepping randomly (stuck).
 11410 | Lair:2   | 11410 ||| Stepping randomly (stuck).
 11411 | Lair:2   | 11411 ||| Stepping randomly (stuck).
 11412 | Lair:2   | 11412 ||| Stepping randomly (stuck).
 11413 | Lair:2   | 11413 ||| Stepping randomly (stuck).
 11414 | Lair:2   | 11414 ||| Stepping randomly (stuck).
 11415 | Lair:2   | 11415 ||| Stepping randomly (stuck).
 11416 | Lair:2   | 11416 ||| Stepping randomly (stuck).
 11417 | Lair:2   | 11417 ||| Stepping randomly (stuck).
 11418 | Lair:2   | 11418 ||| Stepping randomly (stuck).
 11419 | Lair:2   | 11419 ||| Stepping randomly (stuck).
 11420 | Lair:2   | 11420 ||| Stepping randomly (stuck).
 11421 | Lair:2   | 11421 ||| Stepping randomly (stuck).
 11422 | Lair:2   | 11422 ||| Stepping randomly (stuck).
 11423 | Lair:2   | 11423 ||| Stepping randomly (stuck).
 11424 | Lair:2   | 11424 ||| Stepping randomly (stuck).
 11425 | Lair:2   | 11425 ||| Stepping randomly (stuck).
 11426 | Lair:2   | 11426 ||| Stepping randomly (stuck).
 11427 | Lair:2   | 11427 ||| Stepping randomly (stuck).
 11428 | Lair:2   | 11428 ||| Stepping randomly (stuck).
 11429 | Lair:2   | 11429 ||| Stepping randomly (stuck).
 11430 | Lair:2   | 11430 ||| Stepping randomly (stuck).
 11431 | Lair:2   | 11431 ||| Stepping randomly (stuck).
 11432 | Lair:2   | 11432 ||| Stepping randomly (stuck).
 11433 | Lair:2   | 11433 ||| Stepping randomly (stuck).
 11434 | Lair:2   | 11434 ||| Stepping randomly (stuck).
 11435 | Lair:2   | 11435 ||| Stepping randomly (stuck).
 11436 | Lair:2   | 11436 ||| Stepping randomly (stuck).
 11437 | Lair:2   | 11437 ||| Stepping randomly (stuck).
 11438 | Lair:2   | 11438 ||| Stepping randomly (stuck).
 11439 | Lair:2   | 11439 ||| Stepping randomly (stuck).
 11440 | Lair:2   | 11440 ||| Stepping randomly (stuck).
 11441 | Lair:2   | 11441 ||| Stepping randomly (stuck).
 11442 | Lair:2   | 11442 ||| Stepping randomly (stuck).
 11443 | Lair:2   | 11443 ||| Stepping randomly (stuck).
 11444 | Lair:2   | 11444 ||| Stepping randomly (stuck).
 11445 | Lair:2   | 11445 ||| Stepping randomly (stuck).
 11446 | Lair:2   | 11446 ||| Stepping randomly (stuck).
 11447 | Lair:2   | 11447 ||| Stepping randomly (stuck).
 11448 | Lair:2   | 11448 ||| Stepping randomly (stuck).
 11449 | Lair:2   | 11449 ||| Stepping randomly (stuck).
 11450 | Lair:2   | 11450 ||| Stepping randomly (stuck).
 11451 | Lair:2   | 11451 ||| Stepping randomly (stuck).
 11452 | Lair:2   | 11452 ||| Stepping randomly (stuck).
 11453 | Lair:2   | 11453 ||| Stepping randomly (stuck).
 11454 | Lair:2   | 11454 ||| Stepping randomly (stuck).
 11455 | Lair:2   | 11455 ||| Stepping randomly (stuck).
 11456 | Lair:2   | 11456 ||| Stepping randomly (stuck).
 11457 | Lair:2   | 11457 ||| Stepping randomly (stuck).
 11458 | Lair:2   | 11458 ||| Stepping randomly (stuck).
 11459 | Lair:2   | 11459 ||| Stepping randomly (stuck).
 11460 | Lair:2   | 11460 ||| Stepping randomly (stuck).
 11461 | Lair:2   | 11461 ||| Stepping randomly (stuck).
 11462 | Lair:2   | 11462 ||| Stepping randomly (stuck).
 11463 | Lair:2   | 11463 ||| Stepping randomly (stuck).
 11464 | Lair:2   | 11464 ||| Stepping randomly (stuck).
 11465 | Lair:2   | 11465 ||| Stepping randomly (stuck).
 11466 | Lair:2   | 11466 ||| Stepping randomly (stuck).
 11467 | Lair:2   | 11467 ||| Stepping randomly (stuck).
 11468 | Lair:2   | 11468 ||| Stepping randomly (stuck).
 11469 | Lair:2   | 11469 ||| Stepping randomly (stuck).
 11470 | Lair:2   | 11470 ||| Stepping randomly (stuck).
 11471 | Lair:2   | 11471 ||| Stepping randomly (stuck).
 11472 | Lair:2   | 11472 ||| Stepping randomly (stuck).
 11473 | Lair:2   | 11473 ||| Stepping randomly (stuck).
 11474 | Lair:2   | 11474 ||| Stepping randomly (stuck).
 11475 | Lair:2   | 11475 ||| Stepping randomly (stuck).
 11476 | Lair:2   | 11476 ||| Stepping randomly (stuck).
 11477 | Lair:2   | 11477 ||| Stepping randomly (stuck).
 11478 | Lair:2   | 11478 ||| Stepping randomly (stuck).
 11479 | Lair:2   | 11479 ||| Stepping randomly (stuck).
 11480 | Lair:2   | 11480 ||| Stepping randomly (stuck).
 11481 | Lair:2   | 11481 ||| Stepping randomly (stuck).
 11482 | Lair:2   | 11482 ||| Stepping randomly (stuck).
 11483 | Lair:2   | 11483 ||| Stepping randomly (stuck).
 11484 | Lair:2   | 11484 ||| Stepping randomly (stuck).
 11485 | Lair:2   | 11485 ||| Stepping randomly (stuck).
 11486 | Lair:2   | 11486 ||| Stepping randomly (stuck).
 11487 | Lair:2   | 11487 ||| Stepping randomly (stuck).
 11488 | Lair:2   | 11488 ||| Stepping randomly (stuck).
 11489 | Lair:2   | 11489 ||| Stepping randomly (stuck).
 11490 | Lair:2   | 11490 ||| Stepping randomly (stuck).
 11491 | Lair:2   | 11491 ||| Stepping randomly (stuck).
 11492 | Lair:2   | 11492 ||| Stepping randomly (stuck).
 11493 | Lair:2   | 11493 ||| Stepping randomly (stuck).
 11494 | Lair:2   | 11494 ||| Stepping randomly (stuck).
 11495 | Lair:2   | 11495 ||| Stepping randomly (stuck).
 11496 | Lair:2   | 11496 ||| Stepping randomly (stuck).
 11497 | Lair:2   | 11497 ||| Stepping randomly (stuck).
 11498 | Lair:2   | Quit the game

Levels and vault maps discovered:
D:1:      tarquinn_simple_flora_water_b, layout_basic, minmay_liquid_box,
          st_stairs_14
D:2:      layout_basic
D:3:      layout_rooms, general_overflow_altar, minmay_tree_intersection,
          mrwooster_statue_mirror, kennysheep_jessica_study, uniq_jessica,
          uniq_terence
D:4:      layout_layer_cave, makhleb_altar_promises_db,
          minmay_temple_entry_trees
D:5:      wander_river, layout_basic, minmay_fire_ice_demons
D:6:      layout_rooms, gammafunk_temple_overflow_elements, minivault_11,
          kb_rosetta, uniq_sigmund
D:7:      layout_loops_ring, mainiacjoe_overflow_brackets,
          mainiacjoe_overflow_concentric_impassable, ebering_ghost_gozag
D:8:      layout_basic, serial_ice, serial_ice_l, serial_ice_d, serial_ice_g,
          serial_ice_n, serial_shops, nicolae_shop_trees,
          nicolae_take_the_stairs, kennysheep_mini_moat
D:9:      layout_basic
D:10:     layout_basic, due_lair_maze_entry_diamond, uniq_nergalle
Lair:1:   layout_roguey [special_room_bee], basic_altar, ebering_ghost_xom,
          nicolae_lair_run_with_the_wolves, serial_bayou_shore_b
Lair:2:   layout_gridlike, uniq_maggie
Lair:3:   layout_long_grid, minmay_shoals_entry_beasts,
          minmay_snake_entry_guardpost_small

Skill      XL: |  1  2  3  4  5  6  7  8  9 10 11 12 |
---------------+-------------------------------------+-----
Unarmed Combat | 4 6 7 9 10 13 15 17 18 | 18.0
Armour         | 1 3 4 |  4.0
Fighting       | 3 4 5 6 7 |  7.8
Dodging        | 1 |  1.1
Spellcasting   | |  1.0
Fire Magic     | |  2.1

Action                   |  1- 3 |  4- 6 |  7- 9 | 10-12 || total
-------------------------+-------+-------+-------+-------++-------
Melee: Unarmed           |    52 |   146 |   215 |   432 ||   845
       Punch             |     1 |     1 |     3 |    21 ||    26
Throw: Boomerang         |       |    39 |     3 |       ||    42
Invok: Fiery Armour      |     1 |     1 |     1 |    10 ||    13
  Use: Scroll            |     2 |     7 |     9 |     6 ||    24
       Potion            |       |     3 |     2 |     1 ||     6
Armor: Robe              |    17 |    21 |       |       ||    38
       Fire dragon scale |       |    28 |   106 |   234 ||   368
Dodge: Dodged            |    26 |    36 |    67 |   146 ||   275

Table legend:
 A = Non-vault XP
 B = Vault XP
 C = Vault XP percentage of total XP
 D = Non-vault monster count
 E = Vault monster count
 F = Vault count percentage of total count
                 A         B        C        D         E       F
            +---------+---------+-------+---------+---------+-------
      Total |   20252 |    8576 |  29.7 |     253 |      61 |  19.4
            +---------+---------+-------+---------+---------+-------
        D:1 |      69 |       1 |   1.4 |      24 |       1 |   4.0
        D:2 |     195 |       0 |   0.0 |      23 |       0 |   0.0
        D:3 |      34 |      75 |  68.8 |      11 |       3 |  21.4
        D:4 |      79 |       0 |   0.0 |      18 |       0 |   0.0
        D:5 |     767 |      60 |   7.3 |      29 |       2 |   6.5
        D:6 |     722 |    1052 |  59.3 |      18 |       5 |  21.7
        D:7 |     993 |       0 |   0.0 |      20 |       0 |   0.0
        D:8 |    2820 |    1419 |  33.5 |      26 |       8 |  23.5
        D:9 |    2279 |       0 |   0.0 |      25 |       0 |   0.0
       D:10 |    3263 |    2419 |  42.6 |      18 |      12 |  40.0
     Lair:1 |    4978 |    3135 |  38.6 |      25 |      29 |  53.7
     Lair:2 |    3972 |     415 |   9.5 |      15 |       1 |   6.2
     Lair:3 |      81 |       0 |   0.0 |       1 |       0 |   0.0
            +---------+---------+-------+---------+---------+-------
